 Dungeon Crawl Stone Soup version 0.30-a0-651-g0755cc6dcf (webtiles) character file.

Game seed: 4673406682557467593

1525724 EnegeticOcto the Gelid (level 26, 211/211 HPs)
             Began as a Gnoll Summoner on Jan 18, 2023.
             Was a Follower of Yredelemnul.
             Escaped with the Orb
             ... and 3 runes!
             The game lasted 03:14:17 (80180 turns).

EnegeticOcto the Gelid (Gnoll Summoner)            Turns: 80180, Time: 03:14:17

Health: 211/211    AC: 17    Str:  7    XL:     26   Next: 74%
Magic:  45/45      EV: 21    Int: 32    God:    Yredelemnul [*.....]
Gold:   3635       SH: 11    Dex: 14    Spells: 15/62 levels left

rFire   + + +      SeeInvis .    a - +8 autumn katana {manifold assault}
rCold   + + +      Faith    .    u - +2 buckler {rC+}
rNeg    . . .      Spirit   .    F - +2 robe {Archmagi}
rPois   .          Reflect  .    d - +0 hat "Denyps" {rCorr Int+8}
rElec   .          Harm     .    Y - +2 cloak {rF+}
rCorr   +          Rampage  .    g - +2 pair of gloves
Will    ++...      Archmagi +    A - +2 pair of boots
Stlth   +++                      R - amulet of regeneration
HPRegen 1.35/turn                M - ring of Ethics {Fly rC+ Will+}
MPRegen 0.29/turn                n - ring of Nobility {Fly rF+++ rC+ rCorr Dex-2}

@: flying, studying Ice Magic
A: fangs 1, strong nose, distributed training
0: Orb of Zot
}: 3/15 runes: barnacled, slimy, gossamer
a: Renounce Religion, Recall Undead Harvest


You escaped.
You worshipped Yredelemnul.
Yredelemnul was most pleased with you.
You visited 11 branches of the dungeon, and saw 52 of its levels.
You visited 1 bazaar.
You also visited: Sewer, Ice Cave, Volcano and Wizlab.

You collected 7117 gold pieces.
You spent 3482 gold pieces at shops.

Inventory:

Hand Weapons
 a - the +8 autumn katana (weapon) {manifold assault}
   (You acquired it in a wizard's laboratory)

   Manifold Assault: It sometimes launches melee attacks against multiple
   visible enemies.
 b - the +8 dagger "Onesoaco" {heavy, +Blink}
   (You found it on level 10 of the Dungeon)

   +Blink:    It lets you blink.
Missiles
 l - 19 silver javelins (quivered)
 z - 16 throwing nets {!f}
 K - 6 curare-tipped darts
Armour
 d - the +0 hat "Denyps" (worn) {rCorr Int+8}
   (You found it on level 5 of the Realm of Zot)

   Int:       It affects your intelligence (+8).
   rCorr:     It protects you from acid and corrosion.
 g - a +2 pair of gloves (worn)
   (You found it on level 1 of the Dungeon)
 u - a +2 buckler of cold resistance (worn)
   (You found it in an ice cave)
 A - a +2 pair of boots (worn)
   (You found it on level 1 of the Spider Nest)
 F - a +2 robe of the Archmagi (worn)
   (You took it off a merfolk aquamancer on level 4 of the Shoals)
 Y - a +2 cloak of fire resistance (worn)
   (You found it in a volcano)
Jewellery
 n - the ring of Nobility (right hand) {Fly rF+++ rC+ rCorr Dex-2}
   (You bought it in a shop on level 2 of the Depths)

   [ring of flight]

   Dex:       It affects your dexterity (-2).
   rF:        It renders you almost immune to fire.
   rC:        It protects you from cold.
   Fly:       It grants you flight.
   rCorr:     It protects you from acid and corrosion.
 J - a ring of willpower
   (You found it on level 9 of the Dungeon)
 M - the ring of Ethics (left hand) {Fly rC+ Will+}
   (You found it on level 1 of the Elven Halls)

   [ring of willpower]

   rC:        It protects you from cold.
   Fly:       It grants you flight.
   Will:      It increases your willpower.
 R - an amulet of regeneration (around neck)
   (You found it on level 4 of the Vaults)
Wands
 o - a wand of roots (31) {@v2}
   (You found it in a sewer)
 s - a wand of quicksilver (27) {@v1}
   (You found it on level 4 of the Lair of Beasts)
 D - a wand of charming (32)
   (You took it off Ijyb on level 5 of the Dungeon)
 U - a wand of digging (14) {@v3}
   (You bought it in a shop on level 2 of the Orcish Mines)
 V - a wand of polymorph (1)
   (You found it on level 4 of the Spider Nest)
 Z - a wand of mindburst (39)
   (You found it on level 2 of the Shoals)
Scrolls
 e - 5 scrolls of magic mapping {@r5 !r}
 i - 7 scrolls of fear {!r}
 k - 6 scrolls of fog {!r}
 p - 5 scrolls of blinking {@r4}
 v - 2 scrolls of enchant armour
 w - 4 scrolls of butterflies
 C - a scroll of silence {!r}
 E - 13 scrolls of teleportation {@r3 !r}
 G - 4 scrolls of vulnerability
 P - 5 scrolls of immolation
Potions
 c - a potion of heal wounds {@q2 !q}
 h - 12 potions of might {@q3 !q}
 q - 7 potions of resistance
 r - 20 potions of curing {@q1 !q}
 t - 10 potions of flight
 x - 8 potions of haste {@q4 !q}
 y - a potion of berserk rage
 B - 9 potions of attraction
 H - 6 potions of ambrosia
 I - 14 potions of mutation
 N - 2 potions of cancellation
 O - 12 potions of brilliance
 Q - 2 potions of invisibility
 T - 10 potions of lignification {@q6}
 W - 5 potions of magic
Miscellaneous
 f - a tin of tremorstones (2/2)
   (You found it on level 4 of the Lair of Beasts)
 j - a box of beasts
   (You found it on level 3 of the Elven Halls)
 m - a condenser vane
   (You found it in a wizard's laboratory)
 L - a phantom mirror
   (You found it on level 4 of the Shoals)
 S - a lightning rod (4/4)
   (You found it on level 9 of the Dungeon)
 X - a phial of floods
   (You found it on level 10 of the Dungeon)


   Skills:
 + Level 18.2 Fighting
 + Level 18.2 Short Blades
 + Level 18.2 Long Blades
 + Level 18.2 Axes
 + Level 18.2 Maces & Flails
 + Level 18.2 Polearms
 + Level 18.2 Staves
 + Level 18.2 Ranged Weapons
 + Level 18.2 Throwing
 + Level 18.2 Armour
 + Level 18.7 Dodging
 + Level 18.6 Stealth
 + Level 18.2 Shields
 + Level 18.2 Unarmed Combat
 + Level 18.8 Spellcasting
 + Level 15.5 Conjurations
 + Level 15.5 Hexes
 + Level 16.9 Summonings
 + Level 15.5 Necromancy
 + Level 15.5 Translocations
 + Level 15.5 Transmutations
 + Level 15.5 Fire Magic
 + Level 20.0 Ice Magic
 + Level 15.5 Air Magic
 + Level 15.5 Earth Magic
 + Level 15.5 Poison Magic
 + Level 19.7 Invocations
 + Level 18.2 Evocations


You had 15 spell levels left.
You knew the following spells:

 Your Spells              Type           Power      Damage    Failure   Level
a - Iron Shot             Conj/Erth      57%        9d11      1%          6
b - Statue Form           Tmut/Erth      76%        N/A       1%          6
c - Malign Gateway        Summ/Tloc      58%        N/A       1%          7
d - Yara's Violent Unrav  Hex/Tmut       57%        3d22      1%          5
e - Tukima's Dance        Hex            100%       N/A       0%          3
f - Summon Small Mammal   Summ           100%       N/A       0%          1
g - Call Canine Familiar  Summ           100%       N/A       0%          3
h - Wereblood             Tmut           100%       N/A       0%          2
j - Summon Lightning Spi  Summ/Air       100%       N/A       1%          4
k - Airstrike             Air            57%        2d(9-25)  1%          4
l - Apportation           Tloc           100%       N/A       0%          1
p - Passwall              Tmut/Erth      95%        N/A       0%          2
z - Frozen Ramparts       Ice            100%       1d16      0%          3

Your spell library contained the following spells:

 Spells                   Type           Power      Damage    Failure   Level
 Beastly Appendage        Tmut           100%       N/A       0%          1
 Foxfire                  Conj/Fire      100%       2x1d9     0%          1
 Freeze                   Ice            100%       1d10      0%          1
 Kiss of Death            Conj/Necr      100%       2d13      0%          1
 Necrotise                Necr           100%       1d9       0%          1
 Sandblast                Erth           100%       2d20      0%          1
 Sting                    Tmut/Pois      100%       1d8       0%          1
 Call Imp                 Summ           100%       N/A       0%          2
 Cigotuvi's Dreadful Rot  Necr/Pois/Air  100%       N/A       0%          2
 Ensorcelled Hibernation  Hex/Ice        100%       N/A       0%          2
 Poisonous Vapours        Pois/Air       100%       N/A       0%          2
 Confusing Touch          Hex            100%       N/A       0%          3
 Dazzling Flash           Conj/Hex       100%       N/A       0%          3
 Hailstorm                Conj/Ice       100%       3d20      0%          3
 Ignite Poison            Fire/Tmut/Pois 100%       N/A       0%          3
 Kindle Blastsparks       Fire/Tloc/Air  100%       2d18      0%          3
 Mephitic Cloud           Conj/Pois/Air  100%       N/A       0%          3
 Ozocubu's Armour         Ice            100%       N/A       0%          3
 Portal Projectile        Hex/Tloc       100%       N/A       0%          3
 Spider Form              Tmut/Pois      100%       N/A       0%          3
 Stone Arrow              Conj/Erth      100%       3d13      0%          3
 Summon Guardian Golem    Hex/Summ       100%       N/A       0%          3
 Ice Form                 Ice/Tmut       100%       N/A       0%          4
 Anguish                  Hex/Necr       57%        N/A       1%          4
 Dispel Undead            Necr           100%       3d31      1%          4
 Fulminant Prism          Conj/Hex       57%        3d25      1%          4
 Iskenderun's Mystic Bla  Conj/Tloc      100%       2d19      1%          4
 Olgreb's Toxic Radiance  Pois           100%       N/A       1%          4
 Passage of Golubria      Tloc           100%       N/A       1%          4
 Alistair's Intoxication  Tmut/Pois      76%        N/A       1%          5
 Blade Hands              Tmut           57%        N/A       1%          5
 Fireball                 Conj/Fire      57%        3d22      1%          5
 Freezing Cloud           Conj/Ice/Air   59%        6-21      1%          5
 Iskenderun's Battlesphe  Conj           100%       2d15      1%          5
 Lee's Rapid Deconstruct  Erth           57%        3d26*     1%          5
 Lightning Bolt           Conj/Air       57%        1d79      1%          5
 Conjure Ball Lightning   Conj/Air       57%        3x3d21    1%          6
 Eringya's Noxious Bog    Tmut/Pois      57%        N/A       1%          6
 Starburst                Conj/Fire      57%        6d15      1%          6
 Enfeeble                 Hex            57%        N/A       1%          7
 Orb of Destruction       Conj           57%        9d14      1%          7
 Ozocubu's Refrigeration  Ice            63%        4d21      1%          7
 Storm Form               Tmut/Air       57%        N/A       1%          7
 Summon Horrible Things   Summ           59%        N/A       9%          8
 Necromutation            Tmut/Necr      57%        N/A       16%         8


Dungeon Overview and Level Annotations

Branches:
Dungeon (15/15)            Temple (1/1) D:5            Lair (5/5) D:10
 Shoals (4/4) Lair:3       Spider (4/4) Lair:3        Slime (5/5) Lair:5
    Orc (2/2) D:10            Elf (3/3) Orc:2        Vaults (4/5) D:14
  Crypt (0/3) Vaults:3     Depths (4/4) D:15            Zot (5/5) Depths:4
  Sewer (visited)           IceCv (visited)         Volcano (visited)
 WizLab (visited)

Altars:
Ashenzari
Dithmenos
Fedhas
Gozag
Hepliaklqana
Kikubaaqudgha
Makhleb
Nemelex Xobeh
Okawaru
Ru
Trog
Vehumet
Wu Jian
Xom
Yredelemnul
Zin
The Shining One
Jiyva

Shops:
D:6 [   D:7 *   D:9 *!*   Orc:2 =[**   Elf:1 (   Elf:2 ?   Shoals:1 (
Depths:2 *=(

Portals:
Hell: Depths:1 Depths:2 Depths:3 Depths:4
Abyss: D:4 Depths:3 Depths:4
Pandemonium: Depths:2
Ziggurat: Depths:1

Annotations:
D:4 2 transporters, Citaku's ghost, amateur MiFi
D:13 3 runed translucent doors, Ruduteto's ghost, journeyman FoFi
D:15 3 runed translucent doors, Nuhaok's ghost, adept VSBr
Lair:1 2 transporters, temitten's ghost, journeyman KoHs
Spider:2 Roxanne
Elf:2 3 runed translucent doors
Zot:5 1 exclusion


Innate Abilities, Weirdness & Mutations

You have very sharp teeth.
Your uncanny sense of smell can sniff out nearby items.
Your experience applies equally to all skills.


Message History

Your spectral hell beast tramples the profane servitor.
The profane servitor is held in place!
The profane servitor completely misses you.
You block the profane servitor's attack.
Your spectral hell beast bites the profane servitor!
Your spectral hell beast tramples the profane servitor but does no damage.
The grasping roots constrict the profane servitor!
You destroy the profane servitor!
(D) Dungeon (T) Temple (L) Lair (A) Shoals (N) Spider Nest (M) Slime Pits (O) Orcish Mines (E) Elven Halls (V) Vaults (C) Crypt (U) Depths (H) Hell (Z) Zot
Where to? (Enter - D:1 @ (x,y), ? - help)
There is a stone staircase leading up here.
HP restored.
You fly upwards.
Your mindless puppets stay behind to rot.
There is a stone staircase leading down here.
There is an open door here.
There is an open door here.
There is a stone staircase leading up here.
You fly upwards.
There is a stone staircase leading down here.
There is a stone staircase leading up here.
You fly upwards.
Level annotation: 2 transporters, Citaku's ghost, amateur MiFi
There is a stone staircase leading down here.
You reach down and open the door.
A demonspawn blood saint, a balrug and a demonspawn warmonger come into view.
The demonspawn blood saint is wielding a +0 quarterstaff and wearing a +2 robe of resistance.
The balrug is wielding a +2 demon whip of venom.
The demonspawn warmonger is wielding a +2 demon trident of freezing.
The balrug shouts!
The demonspawn blood saint moves out of view.
The demonspawn warmonger unwields a +2 demon trident of freezing.
The demonspawn warmonger wields a +1 longbow of freezing.
It is covered in frost.
The demonspawn warmonger shoots an arrow.
The arrow hits you! The arrow freezes you.
A hell beast comes into view.
There is a stone staircase leading up here.
You block the balrug's attack.
You fly upwards.
There is a stone staircase leading down here.
(D) Dungeon (T) Temple (L) Lair (A) Shoals (N) Spider Nest (M) Slime Pits (O) Orcish Mines (E) Elven Halls (V) Vaults (C) Crypt (U) Depths (H) Hell (Z) Zot
Where to? (Enter - D:1 @ (x,y), ? - help) HP restored.
There is a stone staircase leading up here.
You fly upwards.
There is a stone staircase leading down here.
Magic restored.
A smoke demon comes into view.
There is a stone staircase leading up here.
You fly upwards.
There is a stone staircase leading down here.
(D) Dungeon (T) Temple (L) Lair (A) Shoals (N) Spider Nest (M) Slime Pits (O) Orcish Mines (E) Elven Halls (V) Vaults (C) Crypt (U) Depths (H) Hell (Z) Zot
Where to? (Enter - D:1 @ (x,y), ? - help)
Okay, then.
Unknown command.
A hell beast comes into view.
You slash the hell beast! You bite the hell beast.
The hell beast is lightly wounded.
You hit the hell beast.
The hell beast is moderately wounded.
The hell beast completely misses you. You block the hell beast's attack.
You slash the hell beast!
The hell beast is moderately wounded.
The hell beast bites you!
The hell beast tramples you but does no damage.
You slice the hell beast!!
You bite the hell beast, but do no damage.
The hell beast is heavily wounded.
The hell beast bites you but does no damage.
You block the hell beast's attack.
You hit the hell beast. Your bite misses the hell beast.
The hell beast is severely wounded.
The hell beast bites you. You block the hell beast's attack.
You slice the hell beast!!
The hell beast is almost dead.
The hell beast closely misses you. You block the hell beast's attack.
You slash the hell beast!
The hell beast is almost dead.
You block the hell beast's attack. x2
You slash the hell beast!
You kill the hell beast!
A black mist starts to gather...
(D) Dungeon (T) Temple (L) Lair (A) Shoals (N) Spider Nest (M) Slime Pits (O) Orcish Mines (E) Elven Halls (V) Vaults (C) Crypt (U) Depths (H) Hell (Z) Zot
Where to? (Enter - D:1 @ (x,y), ? - help)
You swap places.
There is an open door here.
HP restored.
There is a staircase leading out of the dungeon here.
You have escaped!

#....#...............#........
#....#.#############.#........
#....#.#......Z....#.#........
#....'.#.####.####.#.#.#......
#....#.#.#.......#.#...####...
#....#.#.#.#####.#.#.#.#..#.#.
######.#.#.#...#.#.#.#.#..#.#.
#.#.#.#...#.#.#.#.#..#.#.
#.'.#.#.@Z..#.'.#......#.
#.#.#.#...#.#.#.#......#.
#.#.#.#...#.#.#.#.[....[.
####.#.#.#####.#.#.#.####.##
#....#.#.......#.#.#.####.##
#.##.#.####.####.#.........#
#.##.#...........#.######...
###.##.#############.######.##
#....#...............#....#.##


You could see a friendly spectral hell beast.

Vanquished Creatures
  the Royal Jelly (Slime:5)
  2 orbs of fire (Zot:5)
  3 ancient liches (Zot:5)
  A juggernaut (Depths:4)
  A curse toe (Zot:5)
  4 Killer Klowns (Zot:5)
  5 golden dragons
  A profane servitor (D:7)
  A bone dragon (Depths:4)
  A hellephant (D:14)
  A doom hound (Depths:3)
  3 tentacled monstrosities
  Asterion (Depths:1)
  2 liches
  3 deep elf blademasters
  A deep elf master archer (Elf:3)
  10 Orb Guardians
  10 acid blobs
  3 quicksilver dragons
  2 Executioners
  4 death cobs
  A sphinx (Vaults:4)
  A kraken (Shoals:3)
  Agnes (D:15)
  3 storm dragons
  2 shadow dragons
  3 azure jellies (Slime:5)
  2 draconian knights
  3 draconian monks (Zot:1)
  4 rockslimes
  A fire giant (Depths:1)
  A nagaraja (WizLab)
  2 frost giants
  4 vault wardens (Vaults:2)
  A ghost moth (Spider:4)
  5 deep elf sorcerers
  4 draconian shifters
  Ilsuiw (Shoals:2)
  A draconian scorcher (Zot:5)
  4 ironbound preservers
  2 broodmothers
  3 deep elf elementalists (Elf:3)
  3 draconian annihilators
  3 demonspawn corrupters (WizLab)
  A draconian stormcaller (Zot:2)
  4 black draconians
  7 stone giants
  3 quicksilver oozes (Slime:5)
  2 vampire knights
  6 deep elf demonologists
  3 ironbound thunderhulks
  Nessos (D:15)
  An eleionoma (shapeshifter) (Elf:1)
  5 very ugly things
  10 green draconians
  The ghost of LetschGu the Jinx, a journeyman SpHs of Qazlal (Elf:1)
  12 purple draconians
  6 red draconians
  2 yellow draconians
  5 white draconians
  2 dire elephants (Vaults:1)
  9 deep elf annihilators
  4 spark wasps
  8 deep elf death magi
  8 merfolk javelineers
  3 ettins
  2 fire dragons (Depths:4)
  Snorg (D:11)
  6 merfolk impalers
  5 great orbs of eyes
  3 yaktaur captains
  5 deep elf high priests
  6 hydras
  An ice dragon (Depths:4)
  An entropy weaver (Vaults:2)
  2 rakshasas
  2 spriggan air magi (Depths:2)
  3 hell beasts
  4 vault guards
  A spectral catoblepas (Shoals:3)
  A jorogumo (Spider:3)
  5 ironbound frosthearts
  10 centaur warriors
  2 merfolk avatars
  A spriggan skeleton (Depths:1)
  A peacekeeper (Vaults:1)
  6 boulder beetles
  A radroach (Spider:4)
  14 dancing weapons
  A satyr (Shoals:2)
  7 merfolk aquamancers
  3 deep troll earth magi
  2 two-headed ogres
  3 tengu warriors
  6 death yaks
  A deep troll shaman (Depths:3)
  6 hell knights
  5 sun demons
  6 deep elf knights
  A soul eater (Depths:3)
  A pharaoh ant (Spider:3)
  2 sixfirhies (D:13)
  9 skeletal warriors
  3 iron trolls
  13 sea snakes
  3 glowing orange brains
  A flayed ghost (Depths:4)
  2 golden dragon zombies (Depths:3)
  A sun moth (Spider:4)
  A spriggan druid (WizLab)
  12 deep trolls
  4 orb spiders
  11 deep elf archers
  A lindwurm (Orc:1)
  4 orc knights
  A golden dragon skeleton (Vaults:3)
  10 wizards
  A steelbarb worm (shapeshifter) (Elf:1)
  9 ironbound convokers
  3 wolf spider zombies (D:14)
  16 harpies
  A harpy (shapeshifter) (D:14)
  An orc sorcerer (Volcano)
  22 deep elf pyromancers
  6 necromancers
  11 wolf spiders
  A tengu skeleton (Vaults:3)
  15 ugly things
  23 deep elf zephyrmancers
  6 cyclopes
  15 fauns
  An iron dragon skeleton (Depths:3)
  14 merfolk sirens
  4 worldbinders (WizLab)
  8 centaur zombies (D:14)
  A shadow dragon skeleton (Vaults:3)
  A fire giant zombie (Depths:1)
  6 elephants (Lair:5)
  A rust devil (D:13)
  12 manticores
  A stone giant skeleton (Vaults:3)
  12 moths of wrath
  A water nymph (Shoals:2)
  A smoke demon (D:13)
  8 vault sentinels
  6 black mambas
  A molten gargoyle (Volcano)
  2 ice statues (IceCv)
  A torpor snail (shapeshifter) (Elf:1)
  A torpor snail (Spider:3)
  6 demonic crawlers
  8 cane toads
  6 orange demons
  A fire giant skeleton (Vaults:3)
  A cane toad (shapeshifter) (Elf:1)
  2 gargoyles
  A black draconian zombie (Zot:5)
  Maggie (Lair:2)
  4 sea snake zombies
  4 yaktaurs
  4 komodo dragons
  A yaktaur skeleton (Vaults:3)
  An efreet (D:14)
  3 ice devils
  5 human skeletons (Vaults:3)
  6 spectral merfolk
  2 tengu conjurers
  A yaktaur (shapeshifter) (Elf:1)
  5 red devils
  2 hellwings
  A tyrant leech (shapeshifter) (Elf:1)
  An anaconda simulacrum (IceCv)
  A meliai (D:13)
  4 harpy zombies
  2 wind drakes
  A troll (D:13)
  5 polar bears
  20 merfolk
  A spectral manticore (Shoals:4)
  5 dream sheep
  6 tarantellas
  5 spectral elves
  A raiju (shapeshifter) (Elf:1)
  2 blink frogs (Lair:2)
  5 snapping turtles
  A frost giant simulacrum (Depths:1)
  6 culicivoras
  An air elemental (Elf:3)
  6 shadows
  2 vampires (D:14)
  11 jumping spiders
  A deep troll skeleton (Vaults:3)
  21 slime creatures
  3 ynoxinuls (D:13)
  2 wraiths
  15 water elementals
  A basilisk (Lair:3)
  6 fire bats
  A fire elemental (Elf:2)
  4 wyverns
  8 yaks
  13 humans (D:14)
  2 elf skeletons (Vaults:3)
  A chaos spawn (D:13)
  2 redbacks (shapeshifter)
  4 wargs
  16 redbacks
  3 neqoxecs (D:13)
  A harpy simulacrum (IceCv)
  A merfolk zombie (Shoals:2)
  12 hell hounds
  A cane toad zombie (Elf:1)
  A glowing shapeshifter skeleton (Vaults:3)
  10 water moccasins
  A spectral torpor snail (Elf:1)
  4 black bears
  2 elf zombies
  18 orc warriors
  2 manticore zombies
  An ettin simulacrum (Vaults:1)
  2 ogres
  18 wolves
  2 boggarts
  9 centaurs
  2 nameless horrors
  2 necrophages
  6 bullfrogs
  A water nymph simulacrum (Shoals:1)
  An earth elemental (Elf:2)
  A scorpion (D:4)
  A cane toad simulacrum (IceCv)
  12 killer bees
  A yak zombie (Lair:5)
  An electric eel (Lair:4)
  3 howler monkeys
  A lava snake (Volcano)
  A hound (D:6)
  A human zombie (D:14)
  5 orc priests
  8 orc wizards
  A boggart zombie (D:14)
  2 polar bear simulacra (IceCv)
  2 wolf simulacra (IceCv)
  20 orcs
  5 ball pythons
  A giant cockroach (Sewer)
  A hobgoblin (D:2)
  2 jackals (D:3)
  2 kobolds
  A quokka (Sewer)
  2 bats
  A frilled lizard (Sewer)
  A rat (D:2)
1060 creatures vanquished.

Vanquished Creatures (collateral kills)
  2 juggernauts
  4 Killer Klowns (Zot:5)
  Frederick (Vaults:3)
  Bai Suzhen (Depths:1)
  Nikola (Vaults:2)
  Arachne (Spider:3)
  A bone dragon (Depths:4)
  2 doom hounds (Depths:3)
  A deep elf master archer (Elf:3)
  Grunn (Depths:3)
  2 liches
  8 acid blobs
  10 Orb Guardians (Zot:5)
  A quicksilver dragon (Zot:1)
  Polyphemus (Shoals:3)
  6 sphinxes
  11 eldritch tentacles
  Gastronok (Lair:3)
  Donald (Spider:1)
  3 azure jellies
  A tengu reaver (Depths:2)
  4 shadow dragons
  A storm dragon (Zot:1)
  2 draconian monks (Zot:5)
  2 rockslimes (Slime:5)
  3 draconian knights
  4 vault wardens
  3 fire giants
  Aizul (Spider:2)
  3 emperor scorpions (Spider:4)
  A draconian scorcher (Zot:5)
  2 orc warlords (Depths:3)
  6 ghost moths
  A deep elf elementalist (Elf:3)
  2 draconian shifters (Zot:1)
  A demonspawn corrupter (WizLab)
  9 ironbound preservers
  12 very ugly things
  6 broodmothers
  A war gargoyle (Vaults:1)
  7 stone giants
  3 draconian stormcallers
  4 draconian annihilators
  A quicksilver ooze (Slime:5)
  The ghost of Alodieh the Unseen, a journeyman OpFE of Vehumet (Shoals:1)
  5 ironbound thunderhulks (Vaults:1)
  4 green draconians
  4 black draconians
  2 red draconians (Zot:1)
  2 yellow draconians
  9 dire elephants
  5 white draconians
  A spark wasp (Depths:4)
  3 purple draconians
  2 merfolk javelineers (Shoals:4)
  A crystal guardian (Vaults:3)
  3 ettins
  Harold (D:11)
  A deep elf high priest (WizLab)
  2 merfolk impalers
  A deep elf death mage (Vaults:3)
  A fire dragon (Depths:4)
  5 entropy weavers
  5 great orbs of eyes
  7 yaktaur captains
  3 vault guards
  2 peacekeepers (Vaults:3)
  An ironbound frostheart (Vaults:1)
  2 hydras
  2 rakshasas (Depths:1)
  2 ice dragons
  4 merfolk aquamancers
  The ghost of Caratheodory the Zephyrmancer, a journeyman OpAE of the Shining One (D:10)
  An ogre mage (Vaults:1)
  A jorogumo (Spider:2)
  3 dancing weapons
  A merfolk avatar (Shoals:1)
  3 centaur warriors
  A radroach (Spider:1)
  A two-headed ogre (D:10)
  2 satyrs (Shoals:3)
  A deep troll shaman (Depths:3)
  3 boulder beetles
  A deep troll earth mage (Depths:3)
  4 tengu warriors
  An alligator snapping turtle (Shoals:2)
  A hell hog (Depths:3)
  9 death yaks
  A vampire mage (Depths:4)
  A soul eater (D:13)
  4 hell knights
  A deep elf knight (Elf:2)
  A fire crab (shapeshifter) (Zot:5)
  2 iron trolls (Depths:3)
  Amaemon (Lair:3)
  6 sea snakes
  2 pharaoh ants
  5 skeletal warriors
  2 glowing orange brains
  27 deep trolls
  A spriggan druid (WizLab)
  5 orb spiders
  A shadow dragon zombie (Depths:3)
  4 steelbarb worms (Spider:4)
  6 deep elf archers
  5 ironbound convokers
  2 necromancers
  5 lindwurms
  8 wizards
  6 fauns
  4 deep elf zephyrmancers
  13 harpies
  4 orc knights (Depths:3)
  A glowing shapeshifter (Vaults:4)
  25 ugly things
  A shadow dragon skeleton (Vaults:3)
  10 deep elf pyromancers
  3 wolf spiders
  A shining eye (shapeshifter) (Zot:2)
  6 moths of wrath
  4 cyclopes
  4 centaur zombies (D:14)
  7 manticores
  2 merfolk sirens
  A nameless horror (Depths:4)
  3 water nymphs
  5 elephants (Lair:2)
  37 slime creatures
  An eye of devastation (Slime:5)
  A worldbinder (WizLab)
  A rust devil (D:13)
  A molten gargoyle (Volcano)
  2 black mambas
  13 vault sentinels
  An ice statue (IceCv)
  A cane toad (Lair:2)
  2 torpor snails (Spider:3)
  2 demonic crawlers
  A smoke demon (Depths:3)
  An unseen horror (shapeshifter) (D:10)
  2 orange demons (D:13)
  17 yaktaurs
  4 komodo dragons
  A spectral water nymph (Shoals:1)
  3 tengu conjurers
  A red devil (D:13)
  3 wind drakes
  5 meliai
  A harpy zombie (Shoals:3)
  2 hellwings (D:13)
  11 polar bears
  8 merfolk
  2 trolls (D:10)
  A spectral manticore (Shoals:1)
  A human simulacrum (Vaults:1)
  2 spectral merfolk (Shoals:1)
  15 tarantellas
  5 blink frogs
  5 snapping turtles
  A raiju (Lair:5)
  12 dream sheep
  8 culicivoras
  6 jumping spiders
  Sigmund (D:4)
  A spectral wind drake (Shoals:1)
  14 water elementals
  2 wraiths
  55 yaks
  8 humans (D:14)
  3 fire bats (Depths:3)
  2 golden eyes (Slime:5)
  5 fire elementals (Spider:1)
  A steam dragon (D:8)
  2 wyverns
  3 basilisks
  A vampire mosquito (D:9)
  A death yak simulacrum (IceCv)
  Menkaure (D:6)
  22 redbacks
  A warg (Lair:5)
  2 swamp worms (Lair:2)
  Edmund (D:6)
  2 acid dragons
  4 water moccasins
  A glowing shapeshifter zombie (Vaults:1)
  7 hell hounds
  A glowing shapeshifter skeleton (Vaults:3)
  2 merfolk simulacra (Shoals:1)
  An ogre skeleton (Vaults:1)
  15 black bears
  5 ogres
  8 orc warriors
  16 wolves
  A dream sheep zombie (Shoals:3)
  6 centaurs
  A phantom (D:6)
  A kobold brigand (D:6)
  4 bullfrogs
  2 necrophages
  An earth elemental (Elf:1)
  A gnoll sergeant (D:7)
  A cane toad simulacrum (IceCv)
  A hell hound zombie (Lair:5)
  5 scorpions
  2 tengu zombies
  2 snapping turtle simulacra (Shoals:1)
  14 killer bees
  4 howler monkeys
  A wolf zombie (Lair:2)
  An electric eel (Lair:3)
  A lava snake (Lair:1)
  2 orc priests
  A hound (D:6)
  5 iguanas
  Jessica (D:2)
  A boggart zombie (D:14)
  6 orc wizards
  Ijyb (D:5)
  A polar bear simulacrum (IceCv)
  Robin (D:3)
  5 adders
  6 gnolls
  2 shadow imps
  An ufetubus (D:6)
  2 dart slugs
  29 orcs
  17 endoplasms
  10 giant cockroaches
  14 goblins
  5 hobgoblins
  17 kobolds
  13 quokkas
  9 ball pythons
  14 frilled lizards
  An orc zombie (Orc:2)
  5 rats
  A plant (Shoals:2)
1031 creatures vanquished.

Vanquished Creatures (others)
  91 eldritch tentacles
  A nagaraja (WizLab)
  A frost giant (Depths:1)
  3 spectral tentacled monstrosities
  2 emperor scorpions
  A deep elf elementalist (Elf:3)
  3 Killer Klown zombies (Zot:5)
  A very ugly thing (WizLab)
  A doom hound zombie (Depths:3)
  Azrael (Spider:1)
  A white draconian (Zot:5)
  Arachne zombie (Spider:3)
  A red draconian (Zot:5)
  2 spark wasps
  7 very ugly thing zombies
  An acid blob zombie (Slime:5)
  2 quicksilver dragon zombies
  A kraken zombie (Shoals:3)
  12 Orb Guardian zombies (Zot:5)
  A jorogumo (Spider:1)
  A boulder beetle (Spider:1)
  An azure jelly zombie (Slime:5)
  A spectral Executioner (Zot:5)
  A spectral sixfirhy (D:13)
  A quicksilver ooze zombie (Slime:5)
  A storm dragon zombie (Zot:5)
  3 deep elf knights
  A spectral alligator snapping turtle (Zot:5)
  3 ogre zombies
  A golden dragon zombie (Zot:2)
  2 spark wasp zombies (Depths:4)
  A deep troll (Vaults:2)
  An orb spider (Spider:2)
  3 shadow dragon zombies
  2 deep elf archers
  A deep elf pyromancer (Elf:1)
  8 wolf spider zombies
  2 wizards
  A broodmother zombie (Spider:3)
  A sphinx zombie (Vaults:2)
  4 stone giant zombies
  6 deep elf zephyrmancers
  12 ugly thing zombies
  4 wolf spiders
  10 draconian zombies
  A naga zombie (WizLab)
  2 fire giant zombies (Depths:4)
  2 dire elephant zombies
  A spectral efreet (Spider:1)
  A minotaur zombie (Depths:1)
  A spectral soul eater (Depths:3)
  2 demonic crawlers
  7 purple draconian zombies
  2 spectral rakshasas (Depths:1)
  2 yellow draconian zombies
  5 sea snake zombies
  3 white draconian zombies
  A spriggan zombie (Depths:2)
  3 death yak zombies
  A green draconian zombie (Zot:1)
  2 swamp worm zombies (Lair:2)
  3 orb spider zombies
  4 red draconian zombies
  16 redback zombies
  A black draconian zombie (Zot:1)
  A spectral glowing orange brain (Depths:1)
  2 demonic crawler zombies
  13 harpy zombies
  A satyr zombie (Shoals:3)
  3 tarantellas
  A fire dragon zombie (Depths:4)
  3 moth of wrath zombies (Zot:1)
  5 culicivora zombies
  A spectral merfolk (Shoals:2)
  5 tarantella zombies
  4 jumping spider zombies
  A snapping turtle (Shoals:4)
  3 meliai zombies
  2 great orb of eyes zombies
  An ice dragon zombie (Depths:4)
  An ettin zombie (Vaults:3)
  A black mamba zombie (Lair:1)
  7 jumping spiders
  A spectral hell beast (Depths:3)
  4 culicivoras
  A neqoxec (D:14)
  12 slime creature zombies
  2 wind drake zombies
  12 dancing weapons
  3 spectral orange demons (D:13)
  A two-headed ogre zombie (D:10)
  6 redbacks
  14 deep troll zombies
  32 elf zombies
  5 fire bat zombies
  5 faun zombies
  A spectral hellwing (D:13)
  2 cane toad zombies
  A hell hound (Spider:1)
  2 spectral red devils (D:13)
  4 manticore zombies
  12 merfolk zombies
  8 elephant zombies
  A snapping turtle zombie (Shoals:2)
  8 dream sheep zombies
  A spectral golden eye (Slime:5)
  A lindwurm zombie (Vaults:1)
  3 blink frog zombies (Lair:2)
  A vampire mosquito zombie (D:9)
  A torpor snail zombie (Spider:3)
  A fire crab zombie (Zot:5)
  A spectral ynoxinul (D:13)
  A komodo dragon zombie (Lair:5)
  12 yaktaur zombies
  A cyclops zombie (D:14)
  8 hell hound zombies
  2 wyvern zombies
  4 water moccasin zombies
  3 warg zombies
  5 polar bear zombies
  3 tengu zombies
  A demonspawn zombie (Lair:3)
  20 yak zombies
  A raiju zombie (Lair:5)
  A troll zombie (D:13)
  11 wolf zombies
  14 centaur zombies
  2 bullfrog zombies
  2 basilisk zombies (Lair:3)
  42 human zombies
  11 black bear zombies
  A boggart zombie (Vaults:2)
  2 scorpion zombies (D:10)
  9 killer bee zombies
  A hound zombie (D:6)
  2 howler monkey zombies (D:9)
  A lava snake zombie (Lair:1)
  A gnoll zombie (D:7)
  2 kobold zombies (D:6)
  23 orc zombies
  3 ball lightnings (Zot:5)
  12 demonic plants (D:13)
  86 fungi
  259 plants
  21 tentacles (Shoals:3)
  3 withered plants (D:14)
1037 creatures vanquished.

Grand Total: 3128 creatures vanquished

Notes
Turn   | Place    | Note
-------+----------+-------------------------------------------
     0 | D:1      | EnegeticOcto the Gnoll Summoner began the quest for the
                  | Orb.
     0 | D:1      | Reached XP level 1. HP: 13/13 MP: 6/6
   215 | D:1      | Reached XP level 2. HP: 15/19 MP: 4/7
   459 | D:1      | Found a faded altar of an unknown god.
  1071 | D:1      | Learned a level 2 spell: Call Imp
  1187 | D:2      | Reached skill level 5 in Spellcasting
  1187 | D:2      | Reached XP level 3. HP: 25/25 MP: 6/9
  1191 | D:2      | Learned a level 3 spell: Call Canine Familiar
  1271 | D:2      | Noticed Jessica
  1284 | D:2      | Killed Jessica
  1285 | D:2      | Reached skill level 1 in Fighting
  1285 | D:2      | Reached skill level 1 in Short Blades
  1285 | D:2      | Reached skill level 1 in Long Blades
  1285 | D:2      | Reached skill level 1 in Axes
  1285 | D:2      | Reached skill level 1 in Maces & Flails
  1285 | D:2      | Reached skill level 1 in Polearms
  1285 | D:2      | Reached skill level 1 in Staves
  1285 | D:2      | Reached skill level 1 in Ranged Weapons
  1285 | D:2      | Reached skill level 1 in Throwing
  1285 | D:2      | Reached skill level 1 in Armour
  1285 | D:2      | Reached skill level 1 in Shields
  1285 | D:2      | Reached skill level 1 in Unarmed Combat
  1285 | D:2      | Reached skill level 1 in Invocations
  1285 | D:2      | Reached skill level 1 in Evocations
  1427 | D:2      | Reached XP level 4. HP: 32/32 MP: 11/11
  1465 | D:2      | You fall into a shaft and drop 2 floors!
  1472 | D:4      | Learned a level 3 spell: Summon Guardian Golem
  1525 | D:3      | Identified a scroll of acquirement
  1526 | D:3      | Acquired the ring "Kikuw" {rC+ Int+4 Dex+3}
  1538 | D:3      | Found a glowing drain.
  1543 | Sewer    | Entered a sewer
  1623 | Sewer    | Reached skill level 1 in Conjurations
  1623 | Sewer    | Reached skill level 1 in Hexes
  1623 | Sewer    | Reached skill level 1 in Necromancy
  1623 | Sewer    | Reached skill level 1 in Translocations
  1623 | Sewer    | Reached skill level 1 in Transmutations
  1623 | Sewer    | Reached skill level 1 in Fire Magic
  1623 | Sewer    | Reached skill level 1 in Ice Magic
  1623 | Sewer    | Reached skill level 1 in Air Magic
  1623 | Sewer    | Reached skill level 1 in Earth Magic
  1623 | Sewer    | Reached skill level 1 in Poison Magic
  1852 | Sewer    | Reached XP level 5. HP: 37/37 MP: 12/12
  2755 | D:3      | Reached skill level 2 in Invocations
  2813 | D:3      | Reached XP level 6. HP: 44/44 MP: 10/13
  2964 | D:3      | Found an ancient bone altar of Kikubaaqudgha.
  2980 | D:3      | Reached skill level 5 in Dodging
  3157 | D:3      | Noticed Robin
  3180 | D:3      | Killed Robin
  3181 | D:3      | Reached skill level 2 in Fighting
  3181 | D:3      | Reached skill level 2 in Short Blades
  3181 | D:3      | Reached skill level 2 in Long Blades
  3181 | D:3      | Reached skill level 2 in Axes
  3181 | D:3      | Reached skill level 2 in Maces & Flails
  3181 | D:3      | Reached skill level 2 in Polearms
  3181 | D:3      | Reached skill level 2 in Staves
  3181 | D:3      | Reached skill level 2 in Ranged Weapons
  3181 | D:3      | Reached skill level 2 in Throwing
  3181 | D:3      | Reached skill level 2 in Armour
  3181 | D:3      | Reached skill level 2 in Shields
  3181 | D:3      | Reached skill level 2 in Unarmed Combat
  3181 | D:3      | Reached skill level 2 in Evocations
  3754 | D:4      | Found a transporter.
  3764 | D:4      | Found a one-way gate to the infinite horrors of the Abyss.
  3764 | D:4      | Noticed Citaku's ghost (amateur MiFi)
  3766 | D:4      | Found a transporter.
  3772 | D:4      | Noticed a small abomination
  3798 | D:4      | Acquired the ring of Dubrour {Wiz rC+ Dex+3 Stlth+}
  3806 | D:4      | Learned a level 3 spell: Tukima's Dance
  4123 | D:4      | Reached skill level 5 in Fighting
  4123 | D:4      | Reached skill level 5 in Short Blades
  4123 | D:4      | Reached skill level 5 in Long Blades
  4123 | D:4      | Reached skill level 5 in Axes
  4123 | D:4      | Reached skill level 5 in Maces & Flails
  4123 | D:4      | Reached skill level 5 in Polearms
  4123 | D:4      | Reached skill level 5 in Staves
  4123 | D:4      | Reached skill level 5 in Ranged Weapons
  4123 | D:4      | Reached skill level 5 in Throwing
  4123 | D:4      | Reached skill level 5 in Armour
  4123 | D:4      | Reached skill level 7 in Dodging
  4123 | D:4      | Reached skill level 6 in Stealth
  4123 | D:4      | Reached skill level 5 in Shields
  4123 | D:4      | Reached skill level 5 in Unarmed Combat
  4123 | D:4      | Reached skill level 7 in Spellcasting
  4123 | D:4      | Reached skill level 4 in Conjurations
  4123 | D:4      | Reached skill level 4 in Hexes
  4123 | D:4      | Reached skill level 8 in Summonings
  4123 | D:4      | Reached skill level 4 in Necromancy
  4123 | D:4      | Reached skill level 4 in Translocations
  4123 | D:4      | Reached skill level 4 in Transmutations
  4123 | D:4      | Reached skill level 4 in Fire Magic
  4123 | D:4      | Reached skill level 4 in Ice Magic
  4123 | D:4      | Reached skill level 4 in Air Magic
  4123 | D:4      | Reached skill level 4 in Earth Magic
  4123 | D:4      | Reached skill level 4 in Poison Magic
  4123 | D:4      | Reached skill level 5 in Invocations
  4123 | D:4      | Reached skill level 5 in Evocations
  4123 | D:4      | Reached XP level 7. HP: 56/56 MP: 14/17
  4224 | D:4      | Learned a level 4 spell: Summon Lightning Spire
  4268 | D:4      | Noticed Sigmund
  4278 | D:4      | Killed Sigmund
  4279 | D:4      | Reached XP level 8. HP: 62/62 MP: 9/18
  4676 | D:5      | Entered Level 5 of the Dungeon
  4766 | D:5      | Found a staircase to the Ecumenical Temple.
  4772 | Temple   | Entered the Ecumenical Temple
  4889 | Temple   | Became a worshipper of Yredelemnul the Dark
  5028 | D:5      | Found a bloodstained altar of Trog.
  5114 | D:5      | Reached * piety under Yredelemnul
  5348 | D:5      | Noticed Ijyb
  5360 | D:5      | Killed Ijyb
  5654 | D:6      | Noticed Menkaure
  5656 | D:6      | Killed Menkaure
  5717 | D:6      | Found Botzaer's Antique Armour Emporium.
  5904 | D:6      | Noticed Edmund
  5908 | D:6      | Reached XP level 9. HP: 68/68 MP: 11/20
  5913 | D:6      | Killed Edmund
  5914 | D:6      | Reached skill level 6 in Invocations
  6008 | D:6      | Reached ** piety under Yredelemnul
  6008 | D:6      | Reached skill level 7 in Stealth
  6585 | D:6      | Found a blossoming altar of Fedhas.
  6796 | D:7      | Found Ymooma's General Store.
  6798 | D:7      | Found Cawk's Specific Store.
  6804 | D:7      | Bought a scroll of teleportation for 36 gold pieces
  6808 | D:7      | Bought a scroll of fog for 64 gold pieces
  6812 | D:7      | Bought a potion of ambrosia for 96 gold pieces
  7735 | D:8      | Reached XP level 10. HP: 76/76 MP: 14/21
  7926 | D:8      | Learned a level 3 spell: Frozen Ramparts
  8104 | D:8      | Reached skill level 6 in Fighting
  8104 | D:8      | Reached skill level 6 in Short Blades
  8104 | D:8      | Reached skill level 6 in Long Blades
  8104 | D:8      | Reached skill level 6 in Axes
  8104 | D:8      | Reached skill level 6 in Maces & Flails
  8104 | D:8      | Reached skill level 6 in Polearms
  8104 | D:8      | Reached skill level 6 in Staves
  8104 | D:8      | Reached skill level 6 in Ranged Weapons
  8104 | D:8      | Reached skill level 6 in Throwing
  8104 | D:8      | Reached skill level 6 in Armour
  8104 | D:8      | Reached skill level 6 in Shields
  8104 | D:8      | Reached skill level 6 in Unarmed Combat
  8104 | D:8      | Reached skill level 6 in Evocations
  8118 | D:8      | Reached skill level 5 in Conjurations
  8118 | D:8      | Reached skill level 5 in Hexes
  8118 | D:8      | Reached skill level 5 in Necromancy
  8118 | D:8      | Reached skill level 5 in Translocations
  8118 | D:8      | Reached skill level 5 in Transmutations
  8118 | D:8      | Reached skill level 5 in Fire Magic
  8118 | D:8      | Reached skill level 5 in Ice Magic
  8118 | D:8      | Reached skill level 5 in Air Magic
  8118 | D:8      | Reached skill level 5 in Earth Magic
  8118 | D:8      | Reached skill level 5 in Poison Magic
  8193 | D:8      | Found an opulent altar of Gozag.
  8193 | D:8      | Found a shimmering altar of Xom.
  8194 | D:8      | Found a broken altar of Ashenzari.
  8743 | D:9      | Noticed a manticore
  8754 | D:9      | Reached skill level 8 in Spellcasting
  8761 | D:9      | Noticed a centaur warrior
  8763 | D:9      | Killed a manticore
  8765 | D:9      | Noticed a manticore
  8765 | D:9      | Noticed a skeletal warrior
  8765 | D:9      | Noticed a cyclops
  8772 | D:9      | Found Xarch's Assorted Antiques.
  8796 | D:9      | Killed a skeletal warrior
  8918 | D:9      | Noticed a green ugly thing
  9140 | D:9      | Killed a manticore
  9141 | D:9      | Reached skill level 9 in Summonings
  9141 | D:9      | Reached skill level 7 in Invocations
  9798 | D:9      | Reached skill level 8 in Dodging
  9804 | D:9      | Reached *** piety under Yredelemnul
  9860 | D:9      | Killed a centaur warrior
  9861 | D:9      | Reached XP level 11. HP: 47/83 MP: 1/23
 10014 | D:9      | Killed a cyclops
 10106 | D:9      | Found Ahicvet's Distillery.
 10114 | D:9      | Bought a potion of heal wounds for 70 gold pieces
 10114 | D:9      | Bought a potion of heal wounds for 70 gold pieces
 10114 | D:9      | Bought a potion of cancellation for 112 gold pieces
 10114 | D:9      | Bought a potion of brilliance for 56 gold pieces
 10114 | D:9      | Bought a potion of curing for 42 gold pieces
 10134 | D:9      | Found Joryhub's Assorted Antiques.
 10142 | D:9      | Bought a scroll labelled WIUJACWITOS for 19 gold pieces
 10176 | D:9      | Killed a green ugly thing
 10177 | D:9      | Reached skill level 8 in Stealth
 10363 | D:9      | Found a glowing golden altar of the Shining One.
 10547 | D:9      | Bought a lumpy blue potion for 17 gold pieces
 10554 | D:10     | Entered Level 10 of the Dungeon
 10736 | D:10     | Found a staircase to the Lair.
 10766 | D:10     | Reached skill level 7 in Fighting
 10766 | D:10     | Reached skill level 7 in Short Blades
 10766 | D:10     | Reached skill level 7 in Long Blades
 10766 | D:10     | Reached skill level 7 in Axes
 10766 | D:10     | Reached skill level 7 in Maces & Flails
 10766 | D:10     | Reached skill level 7 in Polearms
 10766 | D:10     | Reached skill level 7 in Staves
 10766 | D:10     | Reached skill level 7 in Ranged Weapons
 10766 | D:10     | Reached skill level 7 in Throwing
 10766 | D:10     | Reached skill level 7 in Armour
 10766 | D:10     | Reached skill level 7 in Shields
 10766 | D:10     | Reached skill level 7 in Unarmed Combat
 10766 | D:10     | Reached skill level 7 in Evocations
 10804 | D:10     | Noticed a two-headed ogre
 10811 | D:10     | Killed a two-headed ogre
 10910 | D:10     | Reached **** piety under Yredelemnul
 11006 | D:10     | Noticed a boulder beetle
 11011 | D:10     | Noticed a two-headed ogre
 11011 | D:10     | Noticed Caratheodory's ghost (journeyman OpAE)
 11012 | D:10     | Noticed a seven-headed hydra
 11021 | D:10     | Found a staircase to the Orcish Mines.
 11048 | D:10     | Reached skill level 6 in Conjurations
 11048 | D:10     | Reached skill level 6 in Hexes
 11048 | D:10     | Reached skill level 6 in Necromancy
 11048 | D:10     | Reached skill level 6 in Translocations
 11048 | D:10     | Reached skill level 6 in Transmutations
 11048 | D:10     | Reached skill level 6 in Fire Magic
 11048 | D:10     | Reached skill level 6 in Ice Magic
 11048 | D:10     | Reached skill level 6 in Air Magic
 11048 | D:10     | Reached skill level 6 in Earth Magic
 11048 | D:10     | Reached skill level 6 in Poison Magic
 11136 | D:10     | Identified the +8 dagger "Onesoaco" {heavy, +Blink}
 11252 | D:10     | Noticed a deep troll
 11258 | D:10     | Found a runed translucent gate.
 11258 | D:10     | Found a runed translucent gate.
 11258 | D:10     | Found a runed translucent gate.
 11369 | Lair:1   | Entered Level 1 of the Lair of Beasts
 11397 | Lair:1   | Reached skill level 8 in Invocations
 11506 | Lair:1   | Reached skill level 9 in Spellcasting
 12137 | Lair:1   | Found a transporter.
 12143 | Lair:1   | Found a bloodstained altar of Trog.
 12143 | Lair:1   | Noticed a spriggan rider
 12143 | Lair:1   | Noticed temitten's ghost (journeyman KoHs)
 12164 | Lair:1   | Found a transporter.
 12168 | Lair:1   | Noticed a moth of wrath
 12315 | Lair:1   | Learned a level 4 spell: Airstrike
 12325 | Lair:1   | Reached XP level 12. HP: 91/91 MP: 1/25
 12635 | Lair:2   | Noticed a boulder beetle
 12662 | Lair:2   | Killed a boulder beetle
 12841 | Lair:2   | Reached skill level 9 in Dodging
 13160 | Lair:2   | Reached skill level 9 in Stealth
 13453 | Lair:2   | Reached ***** piety under Yredelemnul
 13525 | Lair:2   | Reached skill level 8 in Fighting
 13525 | Lair:2   | Reached skill level 8 in Short Blades
 13525 | Lair:2   | Reached skill level 8 in Long Blades
 13525 | Lair:2   | Reached skill level 8 in Axes
 13525 | Lair:2   | Reached skill level 8 in Maces & Flails
 13525 | Lair:2   | Reached skill level 8 in Polearms
 13525 | Lair:2   | Reached skill level 8 in Staves
 13525 | Lair:2   | Reached skill level 8 in Ranged Weapons
 13525 | Lair:2   | Reached skill level 8 in Throwing
 13525 | Lair:2   | Reached skill level 8 in Armour
 13525 | Lair:2   | Reached skill level 8 in Shields
 13525 | Lair:2   | Reached skill level 8 in Unarmed Combat
 13525 | Lair:2   | Reached skill level 8 in Evocations
 13952 | Lair:2   | Reached skill level 9 in Invocations
 14115 | Lair:2   | Noticed Maggie
 14121 | Lair:2   | Killed Maggie
 14317 | Lair:2   | Reached skill level 10 in Summonings
 14843 | Lair:3   | Noticed Amaemon
 14844 | Lair:3   | Reached XP level 13. HP: 92/99 MP: 7/26
 14951 | Lair:3   | Killed Amaemon
 14952 | Lair:3   | Reached skill level 7 in Conjurations
 14952 | Lair:3   | Reached skill level 7 in Hexes
 14952 | Lair:3   | Reached skill level 7 in Necromancy
 14952 | Lair:3   | Reached skill level 7 in Translocations
 14952 | Lair:3   | Reached skill level 7 in Transmutations
 14952 | Lair:3   | Reached skill level 7 in Fire Magic
 14952 | Lair:3   | Reached skill level 7 in Ice Magic
 14952 | Lair:3   | Reached skill level 7 in Air Magic
 14952 | Lair:3   | Reached skill level 7 in Earth Magic
 14952 | Lair:3   | Reached skill level 7 in Poison Magic
 15804 | Lair:3   | Your ally Amaemon died
 15808 | Lair:3   | Reached skill level 10 in Spellcasting
 16003 | Lair:3   | Found a staircase to the Shoals.
 16296 | Lair:3   | Noticed Gastronok
 16583 | Lair:3   | Found a hole to the Spider Nest.
 16987 | Lair:3   | Killed Gastronok
 17365 | Lair:4   | Reached skill level 10 in Dodging
 18381 | Lair:5   | Entered Level 5 of the Lair of Beasts
 18414 | Lair:5   | Reached skill level 9 in Fighting
 18414 | Lair:5   | Reached skill level 9 in Short Blades
 18414 | Lair:5   | Reached skill level 9 in Long Blades
 18414 | Lair:5   | Reached skill level 9 in Axes
 18414 | Lair:5   | Reached skill level 9 in Maces & Flails
 18414 | Lair:5   | Reached skill level 9 in Polearms
 18414 | Lair:5   | Reached skill level 9 in Staves
 18414 | Lair:5   | Reached skill level 9 in Ranged Weapons
 18414 | Lair:5   | Reached skill level 9 in Throwing
 18414 | Lair:5   | Reached skill level 9 in Armour
 18414 | Lair:5   | Reached skill level 9 in Shields
 18414 | Lair:5   | Reached skill level 9 in Unarmed Combat
 18414 | Lair:5   | Reached skill level 9 in Evocations
 18417 | Lair:5   | Reached skill level 10 in Stealth
 18491 | Lair:5   | Reached ****** piety under Yredelemnul
 18570 | Lair:5   | Found a frozen archway.
 18572 | Lair:5   | Found a staircase to the Slime Pits.
 18572 | Lair:5   | Found a viscous altar of Jiyva.
 18587 | Lair:5   | Reached skill level 10 in Invocations
 18592 | Lair:5   | Reached XP level 14. HP: 108/108 MP: 3/28
 18693 | IceCv    | Entered an ice cave
 20028 | Lair:5   | Reached skill level 8 in Ice Magic
 20172 | Lair:5   | Reached skill level 8 in Conjurations
 20172 | Lair:5   | Reached skill level 8 in Hexes
 20172 | Lair:5   | Reached skill level 8 in Necromancy
 20172 | Lair:5   | Reached skill level 8 in Translocations
 20172 | Lair:5   | Reached skill level 8 in Transmutations
 20172 | Lair:5   | Reached skill level 8 in Fire Magic
 20172 | Lair:5   | Reached skill level 8 in Air Magic
 20172 | Lair:5   | Reached skill level 8 in Earth Magic
 20172 | Lair:5   | Reached skill level 8 in Poison Magic
 20524 | Lair:5   | Reached skill level 11 in Spellcasting
 21113 | Lair:5   | Reached skill level 10 in Fighting
 21113 | Lair:5   | Reached skill level 10 in Short Blades
 21113 | Lair:5   | Reached skill level 10 in Long Blades
 21113 | Lair:5   | Reached skill level 10 in Axes
 21113 | Lair:5   | Reached skill level 10 in Maces & Flails
 21113 | Lair:5   | Reached skill level 10 in Polearms
 21113 | Lair:5   | Reached skill level 10 in Staves
 21113 | Lair:5   | Reached skill level 10 in Ranged Weapons
 21113 | Lair:5   | Reached skill level 10 in Throwing
 21113 | Lair:5   | Reached skill level 10 in Armour
 21113 | Lair:5   | Reached skill level 11 in Dodging
 21113 | Lair:5   | Reached skill level 10 in Shields
 21113 | Lair:5   | Reached skill level 10 in Unarmed Combat
 21113 | Lair:5   | Reached skill level 11 in Summonings
 21113 | Lair:5   | Reached skill level 10 in Evocations
 21152 | Lair:5   | Reached skill level 11 in Invocations
 21225 | Lair:5   | Reached skill level 9 in Ice Magic
 21488 | D:11     | Noticed Harold
 21492 | D:11     | Killed Harold
 21493 | D:11     | Reached skill level 11 in Stealth
 21532 | D:11     | Noticed Snorg
 21533 | D:11     | Reached XP level 15. HP: 115/115 MP: 22/30
 21541 | D:11     | Killed Snorg
 22124 | Orc:1    | Entered Level 1 of the Orcish Mines
 22172 | Orc:1    | Found a shimmering altar of Xom.
 22225 | Orc:1    | Found a dark tunnel.
 22259 | Volcano  | Entered a volcano
 22491 | Volcano  | Found a bloodstained altar of Trog.
 22887 | Orc:2    | Entered Level 2 of the Orcish Mines
 23118 | Orc:2    | Found a staircase to the Elven Halls.
 24288 | Orc:2    | Found Zigirraq's Antique Armour Shoppe.
 24288 | Orc:2    | Found Becorra's General Store.
 24290 | Orc:2    | Found Joon's Assorted Antiques.
 24292 | Orc:2    | Found Noutrell's Jewellery Emporium.
 24299 | Orc:2    | Bought a scroll of teleportation for 102 gold pieces
 24299 | Orc:2    | Bought an iron wand for 136 gold pieces
 24304 | Orc:2    | Bought the ring of Neurosis {Fly rElec} for 409 gold pieces
 24715 | Orc:2    | Bought an opalescent robe for 239 gold pieces
 24715 | Orc:2    | Identified the +2 robe "Xemulimm" {rC++ Regen+ Int-2} (You
                  | bought it in a shop on level 2 of the Orcish Mines)
 24818 | D:9      | Bought a thick runed staff for 228 gold pieces
 24819 | D:9      | Bought a scroll of teleportation for 57 gold pieces
 25432 | D:13     | Reached skill level 9 in Conjurations
 25432 | D:13     | Reached skill level 9 in Hexes
 25432 | D:13     | Reached skill level 9 in Necromancy
 25432 | D:13     | Reached skill level 9 in Translocations
 25432 | D:13     | Reached skill level 9 in Transmutations
 25432 | D:13     | Reached skill level 9 in Fire Magic
 25432 | D:13     | Reached skill level 9 in Air Magic
 25432 | D:13     | Reached skill level 9 in Earth Magic
 25432 | D:13     | Reached skill level 9 in Poison Magic
 25714 | D:13     | Reached skill level 10 in Ice Magic
 26657 | D:13     | Reached skill level 12 in Spellcasting
 26772 | D:13     | Found a runed translucent gate.
 26773 | D:13     | Found a runed translucent gate.
 26774 | D:13     | Found a runed translucent gate.
 26777 | D:13     | Noticed Ruduteto's ghost (journeyman FoFi)
 27214 | D:14     | Reached skill level 11 in Fighting
 27214 | D:14     | Reached skill level 11 in Short Blades
 27214 | D:14     | Reached skill level 11 in Long Blades
 27214 | D:14     | Reached skill level 11 in Axes
 27214 | D:14     | Reached skill level 11 in Maces & Flails
 27214 | D:14     | Reached skill level 11 in Polearms
 27214 | D:14     | Reached skill level 11 in Staves
 27214 | D:14     | Reached skill level 11 in Ranged Weapons
 27214 | D:14     | Reached skill level 11 in Throwing
 27214 | D:14     | Reached skill level 11 in Armour
 27214 | D:14     | Reached skill level 11 in Shields
 27214 | D:14     | Reached skill level 11 in Unarmed Combat
 27214 | D:14     | Reached skill level 11 in Evocations
 27227 | D:13     | Reached XP level 16. HP: 107/125 MP: 4/32
 28057 | D:14     | Reached skill level 12 in Invocations
 28277 | D:14     | Learned a level 5 spell: Fireball
 28436 | D:14     | Reached skill level 12 in Dodging
 28996 | D:14     | Reached skill level 12 in Stealth
 29442 | D:14     | Found an opulent altar of Gozag.
 29915 | D:14     | Reached skill level 11 in Ice Magic
 30096 | D:14     | Reached skill level 12 in Summonings
 30158 | D:14     | Found a gate to the Vaults.
 30276 | D:15     | Entered Level 15 of the Dungeon
 30278 | D:15     | Noticed Agnes
 30281 | D:15     | Killed Agnes
 30564 | D:15     | Found a staircase to the Depths.
 30805 | D:15     | Found a broken altar of Ashenzari.
 30839 | D:15     | Noticed Nessos
 30846 | D:15     | Killed Nessos
 31081 | D:15     | Found a runed translucent gate.
 31081 | D:15     | Found a runed translucent gate.
 31082 | D:15     | Found a runed translucent gate.
 31082 | D:15     | Noticed Nuhaok's ghost (adept VSBr)
 31882 | Shoals:1 | Entered Level 1 of the Shoals
 32235 | Shoals:1 | Reached XP level 17. HP: 133/133 MP: 25/33
 32329 | Shoals:1 | Reached skill level 10 in Conjurations
 32329 | Shoals:1 | Reached skill level 10 in Hexes
 32329 | Shoals:1 | Reached skill level 10 in Necromancy
 32329 | Shoals:1 | Reached skill level 10 in Translocations
 32329 | Shoals:1 | Reached skill level 10 in Transmutations
 32329 | Shoals:1 | Reached skill level 10 in Fire Magic
 32329 | Shoals:1 | Reached skill level 10 in Air Magic
 32329 | Shoals:1 | Reached skill level 10 in Earth Magic
 32329 | Shoals:1 | Reached skill level 10 in Poison Magic
 32431 | Shoals:1 | Found Alanool's Antique Weapon Shop.
 32584 | Shoals:1 | Found a runed translucent gate.
 32584 | Shoals:1 | Found a runed translucent gate.
 32587 | Shoals:1 | Found a runed translucent gate.
 32714 | Shoals:1 | Noticed Alodieh's ghost (journeyman OpFE)
 33098 | Shoals:1 | Killed Alodieh's ghost
 33099 | Shoals:1 | Reached skill level 13 in Invocations
 33549 | Shoals:2 | Reached skill level 12 in Fighting
 33549 | Shoals:2 | Reached skill level 12 in Short Blades
 33549 | Shoals:2 | Reached skill level 12 in Long Blades
 33549 | Shoals:2 | Reached skill level 12 in Axes
 33549 | Shoals:2 | Reached skill level 12 in Maces & Flails
 33549 | Shoals:2 | Reached skill level 12 in Polearms
 33549 | Shoals:2 | Reached skill level 12 in Staves
 33549 | Shoals:2 | Reached skill level 12 in Ranged Weapons
 33549 | Shoals:2 | Reached skill level 12 in Throwing
 33549 | Shoals:2 | Reached skill level 12 in Armour
 33549 | Shoals:2 | Reached skill level 12 in Shields
 33549 | Shoals:2 | Reached skill level 12 in Unarmed Combat
 33549 | Shoals:2 | Reached skill level 12 in Evocations
 33778 | Shoals:2 | Reached skill level 13 in Spellcasting
 33977 | Shoals:2 | Reached skill level 12 in Ice Magic
 34188 | Shoals:2 | Noticed Ilsuiw
 34235 | Shoals:2 | Reached skill level 13 in Dodging
 34919 | Shoals:2 | Identified the +3 leather armour of Ylets {rF+ Will+ Str-3}
 35094 | Shoals:2 | Killed Ilsuiw
 35281 | Shoals:3 | Reached skill level 13 in Stealth
 35350 | Shoals:3 | Reached XP level 18. HP: 141/141 MP: 35/35
 35545 | Shoals:3 | Noticed Polyphemus
 35757 | Shoals:3 | Killed Polyphemus
 36300 | Shoals:3 | Reached XP level 19. HP: 122/148 MP: 25/36
 36527 | Shoals:4 | Entered Level 4 of the Shoals
 37010 | Shoals:4 | Reached skill level 13 in Ice Magic
 37447 | Shoals:4 | Reached skill level 14 in Invocations
 37716 | Shoals:4 | Identified the +3 trident of Paonorej {drain, Contam rPois
                  | rF+ Int+3}
 37805 | Shoals:4 | Reached skill level 11 in Conjurations
 37805 | Shoals:4 | Reached skill level 11 in Hexes
 37805 | Shoals:4 | Reached skill level 11 in Necromancy
 37805 | Shoals:4 | Reached skill level 11 in Translocations
 37805 | Shoals:4 | Reached skill level 11 in Transmutations
 37805 | Shoals:4 | Reached skill level 11 in Fire Magic
 37805 | Shoals:4 | Reached skill level 11 in Air Magic
 37805 | Shoals:4 | Reached skill level 11 in Earth Magic
 37805 | Shoals:4 | Reached skill level 11 in Poison Magic
 38018 | Shoals:4 | Identified the ring of Qorhang {+Blink Fly rF- rC+ rN+}
 38260 | Shoals:4 | Reached skill level 13 in Summonings
 38302 | Shoals:4 | Reached skill level 13 in Fighting
 38302 | Shoals:4 | Reached skill level 13 in Short Blades
 38302 | Shoals:4 | Reached skill level 13 in Long Blades
 38302 | Shoals:4 | Reached skill level 13 in Axes
 38302 | Shoals:4 | Reached skill level 13 in Maces & Flails
 38302 | Shoals:4 | Reached skill level 13 in Polearms
 38302 | Shoals:4 | Reached skill level 13 in Staves
 38302 | Shoals:4 | Reached skill level 13 in Ranged Weapons
 38302 | Shoals:4 | Reached skill level 13 in Throwing
 38302 | Shoals:4 | Reached skill level 13 in Armour
 38302 | Shoals:4 | Reached skill level 13 in Shields
 38302 | Shoals:4 | Reached skill level 13 in Unarmed Combat
 38302 | Shoals:4 | Reached skill level 13 in Evocations
 38547 | Shoals:4 | Reached skill level 14 in Spellcasting
 38674 | Shoals:4 | Got a barnacled rune of Zot
 38927 | Spider:1 | Entered Level 1 of the Spider Nest
 39038 | Spider:1 | Identified the +1 chain mail "Isulu" {rF+ Int+3}
 39535 | Spider:1 | Learned a level 4 spell: Anguish
 39651 | Spider:1 | Noticed Donald
 39660 | Spider:1 | Killed Donald
 39766 | Spider:1 | Noticed Azrael
 39771 | Spider:1 | Killed Azrael
 39785 | Spider:1 | Your ally Azrael died
 39792 | Spider:1 | Reached skill level 14 in Dodging
 40888 | Spider:2 | Noticed Aizul
 40895 | Spider:1 | Reached skill level 14 in Stealth
 41302 | Spider:2 | You fall into a shaft and drop 1 floor!
 41424 | Spider:2 | Noticed Roxanne
 41452 | Spider:3 | Reached XP level 20. HP: 157/157 MP: 14/38
 41866 | Spider:3 | Reached skill level 14 in Ice Magic
 42121 | Spider:3 | Noticed Arachne
 42129 | Spider:3 | Killed Arachne
 42268 | Spider:3 | Your ally Arachne died
 42396 | Spider:3 | Identified the +2 chain mail of the Sheltering Gods {Dex+2
                  | SInv}
 42677 | Spider:3 | Identified the +1 robe of Gehenna {rC+}
 42774 | Spider:4 | Entered Level 4 of the Spider Nest
 43174 | Spider:4 | Reached skill level 15 in Invocations
 43515 | Spider:4 | Got a gossamer rune of Zot
 43863 | Spider:2 | Killed Aizul
 44355 | Elf:1    | Entered Level 1 of the Elven Halls
 44459 | Elf:1    | Reached skill level 14 in Fighting
 44459 | Elf:1    | Reached skill level 14 in Short Blades
 44459 | Elf:1    | Reached skill level 14 in Long Blades
 44459 | Elf:1    | Reached skill level 14 in Axes
 44459 | Elf:1    | Reached skill level 14 in Maces & Flails
 44459 | Elf:1    | Reached skill level 14 in Polearms
 44459 | Elf:1    | Reached skill level 14 in Staves
 44459 | Elf:1    | Reached skill level 14 in Ranged Weapons
 44459 | Elf:1    | Reached skill level 14 in Throwing
 44459 | Elf:1    | Reached skill level 14 in Armour
 44459 | Elf:1    | Reached skill level 14 in Shields
 44459 | Elf:1    | Reached skill level 14 in Unarmed Combat
 44459 | Elf:1    | Reached skill level 14 in Evocations
 44690 | Elf:1    | Reached skill level 12 in Conjurations
 44690 | Elf:1    | Reached skill level 12 in Hexes
 44690 | Elf:1    | Reached skill level 12 in Necromancy
 44690 | Elf:1    | Reached skill level 12 in Translocations
 44690 | Elf:1    | Reached skill level 12 in Transmutations
 44690 | Elf:1    | Reached skill level 12 in Fire Magic
 44690 | Elf:1    | Reached skill level 12 in Air Magic
 44690 | Elf:1    | Reached skill level 12 in Earth Magic
 44690 | Elf:1    | Reached skill level 12 in Poison Magic
 45042 | D:9      | Bought a potion of heal wounds for 130 gold pieces
 45161 | Elf:1    | Found Jotiysma's Weapon Shop.
 45190 | Elf:1    | Got the Disquisition on Injury
 45214 | Elf:1    | Learned a level 6 spell: Iron Shot
 45268 | Elf:1    | Found a transporter.
 45289 | Elf:1    | Noticed LetschGu's ghost (journeyman SpHs)
 45549 | Elf:1    | Found a transporter.
 45554 | Elf:1    | Noticed an iron giant
 46015 | Elf:1    | Identified the ring of Ethics {Fly rC+ Will+}
 46030 | Elf:1    | Reached skill level 15 in Spellcasting
 46031 | Elf:1    | Killed LetschGu's ghost
 46090 | Elf:1    | Identified the ring of Ykometaedd {rN++ MP+9 Str-4 Int+5}
 46147 | Elf:2    | Reached XP level 21. HP: 165/165 MP: 29/40
 46231 | Elf:2    | Identified the +8 hand axe "Ideppiat" {freeze, rC- rCorr
                  | Str+8 SInv}
 46430 | Elf:2    | Found Ygrurch's Magic Scroll Shoppe.
 46446 | Elf:2    | Bought a scroll of teleportation for 39 gold pieces
 46446 | Elf:2    | Bought a scroll of enchant armour for 97 gold pieces
 46458 | Elf:2    | Reached skill level 15 in Ice Magic
 46725 | Elf:2    | Reached skill level 15 in Dodging
 46751 | Elf:2    | Reached skill level 14 in Summonings
 47172 | Elf:2    | Found a runed translucent gate.
 47173 | Elf:2    | Found a runed translucent gate.
 47173 | Elf:2    | Found a runed translucent gate.
 47453 | Elf:3    | Entered Level 3 of the Elven Halls
 47533 | Elf:3    | Reached skill level 15 in Stealth
 48316 | Elf:3    | Identified the +9 lajatang "Icva" {spect, rCorr Int+4}
 48321 | Elf:3    | Paralysed by an air elemental for 1 turns
 49376 | Elf:3    | Identified the +3 flail of the Wizarding Gods {heavy, Str+4
                  | SInv}
 49376 | Elf:3    | Identified the +9 long sword of Gluttony {drain, rElec
                  | Dex+4 Stlth+}
 49380 | Elf:3    | Identified the +0 ring mail of the Hot Ocelot {rPois SInv}
 52661 | Elf:3    | Learned a level 7 spell: Malign Gateway
 52945 | Vaults:1 | Entered Level 1 of the Vaults
 52957 | Vaults:1 | Reached skill level 16 in Invocations
 54142 | Vaults:1 | Reached XP level 22. HP: 153/174 MP: 37/41
 54272 | Vaults:1 | Reached skill level 15 in Fighting
 54272 | Vaults:1 | Reached skill level 15 in Short Blades
 54272 | Vaults:1 | Reached skill level 15 in Long Blades
 54272 | Vaults:1 | Reached skill level 15 in Axes
 54272 | Vaults:1 | Reached skill level 15 in Maces & Flails
 54272 | Vaults:1 | Reached skill level 15 in Polearms
 54272 | Vaults:1 | Reached skill level 15 in Staves
 54272 | Vaults:1 | Reached skill level 15 in Ranged Weapons
 54272 | Vaults:1 | Reached skill level 15 in Throwing
 54272 | Vaults:1 | Reached skill level 15 in Armour
 54272 | Vaults:1 | Reached skill level 15 in Shields
 54272 | Vaults:1 | Reached skill level 15 in Unarmed Combat
 54272 | Vaults:1 | Reached skill level 15 in Evocations
 54633 | Vaults:1 | Reached skill level 16 in Ice Magic
 55072 | Vaults:2 | Found a magical portal.
 55083 | WizLab   | Entered Alistair's Party Mansion
 56089 | WizLab   | Got Xigydghec's Disquisition on Forms
 56091 | WizLab   | Got the Omnibus of the Stinger and Reformation
 56098 | WizLab   | Learned a level 5 spell: Yara's Violent Unravelling
 56105 | WizLab   | Learned a level 6 spell: Statue Form
 56109 | WizLab   | Acquired the +8 autumn katana {manifold assault}
 56109 | WizLab   | Found the +8 autumn katana {manifold assault}
 56166 | WizLab   | Reached skill level 16 in Spellcasting
 56166 | WizLab   | Reached skill level 13 in Conjurations
 56166 | WizLab   | Reached skill level 13 in Hexes
 56166 | WizLab   | Reached skill level 13 in Necromancy
 56166 | WizLab   | Reached skill level 13 in Translocations
 56166 | WizLab   | Reached skill level 13 in Transmutations
 56166 | WizLab   | Reached skill level 13 in Fire Magic
 56166 | WizLab   | Reached skill level 13 in Air Magic
 56166 | WizLab   | Reached skill level 13 in Earth Magic
 56166 | WizLab   | Reached skill level 13 in Poison Magic
 56319 | WizLab   | Learned a level 1 spell: Apportation
 56408 | WizLab   | Noticed a golden dragon
 56415 | WizLab   | Got the Papyrus of the Adder and Transition
 56689 | D:10     | Killed Caratheodory's ghost
 56696 | D:10     | Got the Encyclopedia of White Shades
 57206 | Vaults:2 | Reached skill level 16 in Dodging
 58475 | Vaults:2 | Reached skill level 16 in Stealth
 58820 | Vaults:2 | Noticed Nikola
 58834 | Vaults:2 | Killed Nikola
 59347 | Vaults:3 | Reached XP level 23. HP: 182/182 MP: 21/43
 60124 | Vaults:3 | Reached skill level 17 in Invocations
 60275 | Vaults:3 | Reached skill level 15 in Summonings
 60422 | Vaults:3 | Reached skill level 17 in Ice Magic
 61227 | Vaults:3 | Noticed Frederick
 61240 | Vaults:3 | Killed Frederick
 61475 | Vaults:3 | Found a staircase to the Crypt.
 62077 | Vaults:4 | Reached skill level 16 in Fighting
 62077 | Vaults:4 | Reached skill level 16 in Short Blades
 62077 | Vaults:4 | Reached skill level 16 in Long Blades
 62077 | Vaults:4 | Reached skill level 16 in Axes
 62077 | Vaults:4 | Reached skill level 16 in Maces & Flails
 62077 | Vaults:4 | Reached skill level 16 in Polearms
 62077 | Vaults:4 | Reached skill level 16 in Staves
 62077 | Vaults:4 | Reached skill level 16 in Ranged Weapons
 62077 | Vaults:4 | Reached skill level 16 in Throwing
 62077 | Vaults:4 | Reached skill level 16 in Armour
 62077 | Vaults:4 | Reached skill level 16 in Shields
 62077 | Vaults:4 | Reached skill level 16 in Unarmed Combat
 62077 | Vaults:4 | Reached skill level 16 in Evocations
 64206 | Depths:1 | Entered Level 1 of the Depths
 64288 | Depths:1 | Found a gateway to Hell.
 64740 | Depths:1 | Identified the +0 kite shield "Xicvocith" {+Inv rC+ rCorr
                  | Int+2}
 64740 | Depths:1 | Noticed Asterion
 64766 | Depths:1 | Killed Asterion
 64769 | Depths:1 | Noticed Bai Suzhen
 64784 | Depths:1 | Your ally Asterion died
 64786 | Depths:1 | Killed Bai Suzhen
 65031 | Depths:1 | Found a one-way gateway to a ziggurat.
 65177 | Depths:1 | Found a radiant altar of Vehumet.
 65531 | Depths:2 | Reached skill level 17 in Spellcasting
 65542 | Depths:2 | Reached XP level 24. HP: 191/191 MP: 39/44
 65821 | Depths:2 | Noticed a juggernaut
 65827 | Depths:2 | Killed a juggernaut
 65991 | Depths:2 | Reached skill level 17 in Dodging
 66004 | Depths:2 | Found a one-way gate leading to the halls of Pandemonium.
 66026 | Depths:2 | Reached skill level 14 in Conjurations
 66026 | Depths:2 | Reached skill level 14 in Hexes
 66026 | Depths:2 | Reached skill level 14 in Necromancy
 66026 | Depths:2 | Reached skill level 14 in Translocations
 66026 | Depths:2 | Reached skill level 14 in Transmutations
 66026 | Depths:2 | Reached skill level 14 in Fire Magic
 66026 | Depths:2 | Reached skill level 14 in Air Magic
 66026 | Depths:2 | Reached skill level 14 in Earth Magic
 66026 | Depths:2 | Reached skill level 14 in Poison Magic
 66130 | Depths:2 | Found Asityade's Weapon Shop.
 66134 | Depths:2 | Found Hyqu's Jewellery Boutique.
 66135 | Depths:2 | Found Aroorej's General Store.
 66142 | Depths:2 | Bought a scroll of teleportation for 33 gold pieces
 66142 | Depths:2 | Bought a scroll of immolation for 44 gold pieces
 66142 | Depths:2 | Bought a scroll of magic mapping for 82 gold pieces
 66142 | Depths:2 | Bought a scroll of blinking for 82 gold pieces
 66145 | Depths:2 | Bought the ring of Nobility {Fly rF+++ rC+ rCorr Dex-2} for
                  | 1222 gold pieces
 66595 | Depths:3 | Noticed a juggernaut
 66604 | Depths:3 | Killed a juggernaut
 66610 | Depths:3 | Reached skill level 17 in Stealth
 66899 | Depths:3 | Found an iron altar of Okawaru.
 66973 | Depths:3 | Noticed Grunn
 66981 | Depths:3 | Reached skill level 18 in Ice Magic
 66987 | Depths:3 | Killed Grunn
 66990 | Depths:3 | Reached skill level 18 in Invocations
 67040 | Depths:3 | Found a hazy altar of Hepliaklqana.
 67417 | Depths:3 | Identified the +7 morningstar of the Scroll {protect,
                  | Dex+3}
 67426 | Depths:3 | Identified the +7 rapier of Chagrin {freeze, Int+2}
 67533 | Depths:3 | Identified the +7 dagger of Abomination {drain, rElec}
 67698 | Depths:4 | Entered Level 4 of the Depths
 67707 | Depths:4 | Found a flickering gateway to a bazaar.
 67714 | Bazaar   | Entered a bazaar
 67721 | Bazaar   | Found Ecziethi's Book Shop.
 67749 | Bazaar   | Found Uhuetz's Weapon Shop.
 67763 | Bazaar   | Found Ykyas's Weapon Boutique.
 67789 | Bazaar   | Found Doykehow's Armour Boutique.
 67803 | Bazaar   | Found Pohykh's Weapon Shop.
 68464 | Depths:4 | Noticed a juggernaut
 68479 | Depths:4 | Killed a juggernaut
 68901 | Depths:4 | Found a gate to the Realm of Zot.
 70104 | Slime:1  | Entered Level 1 of the Pits of Slime
 70133 | Slime:2  | Reached skill level 17 in Fighting
 70133 | Slime:2  | Reached skill level 17 in Short Blades
 70133 | Slime:2  | Reached skill level 17 in Long Blades
 70133 | Slime:2  | Reached skill level 17 in Axes
 70133 | Slime:2  | Reached skill level 17 in Maces & Flails
 70133 | Slime:2  | Reached skill level 17 in Polearms
 70133 | Slime:2  | Reached skill level 17 in Staves
 70133 | Slime:2  | Reached skill level 17 in Ranged Weapons
 70133 | Slime:2  | Reached skill level 17 in Throwing
 70133 | Slime:2  | Reached skill level 17 in Armour
 70133 | Slime:2  | Reached skill level 17 in Shields
 70133 | Slime:2  | Reached skill level 17 in Unarmed Combat
 70133 | Slime:2  | Reached skill level 17 in Evocations
 70170 | Slime:3  | Reached XP level 25. HP: 201/201 MP: 40/44
 70218 | Slime:4  | Reached skill level 16 in Summonings
 70269 | Slime:4  | Learned a level 2 spell: Passwall
 70272 | Slime:4  | Learned a level 2 spell: Wereblood
 70273 | Slime:5  | Entered Level 5 of the Pits of Slime
 70909 | Slime:5  | Noticed the Royal Jelly
 70924 | Slime:5  | Killed the Royal Jelly
 71035 | Slime:5  | Found the brooch of Shielding {Spirit SH+8}
 71082 | Slime:5  | Identified the +10 spear "Foylusughel" {flame, +Blink rN+
                  | Str+2}
 71116 | Slime:5  | Got the Disquisition on Vitiation
 71131 | Slime:5  | Identified the +8 sling "Ebraim" {flame, Will+ Str+6}
 71140 | Slime:5  | Got a slimy rune of Zot
 71141 | Slime:5  | Identified the +1 pair of gloves of Impressiveness {rF+ rN+
                  | Will- Int+3}
 71249 | Slime:5  | Identified the +0 scale mail of Uskayaw's Regard {rC+
                  | Dex+4}
 71590 | Zot:1    | Entered Level 1 of the Realm of Zot
 72462 | Zot:1    | Reached skill level 18 in Spellcasting
 72721 | Zot:1    | Reached skill level 19 in Ice Magic
 73317 | Zot:1    | Reached skill level 18 in Dodging
 74118 | Zot:2    | Reached skill level 18 in Stealth
 74118 | Zot:2    | Reached skill level 19 in Invocations
 74599 | Zot:5    | Entered Level 5 of the Realm of Zot
 74767 | Zot:5    | Identified the +6 chain mail of Dishonour {rPois}
 74811 | Zot:5    | Reached skill level 15 in Conjurations
 74811 | Zot:5    | Reached skill level 15 in Hexes
 74811 | Zot:5    | Reached skill level 15 in Necromancy
 74811 | Zot:5    | Reached skill level 15 in Translocations
 74811 | Zot:5    | Reached skill level 15 in Transmutations
 74811 | Zot:5    | Reached skill level 15 in Fire Magic
 74811 | Zot:5    | Reached skill level 15 in Air Magic
 74811 | Zot:5    | Reached skill level 15 in Earth Magic
 74811 | Zot:5    | Reached skill level 15 in Poison Magic
 75345 | Zot:5    | Reached XP level 26. HP: 210/210 MP: 37/45
 75959 | Zot:5    | Identified the +0 hat "Denyps" {rCorr Int+8}
 76827 | Zot:5    | Noticed an orb of fire
 76919 | Zot:5    | Noticed an ancient lich
 76923 | Zot:5    | Noticed a Killer Klown
 76930 | Zot:5    | Gained mutation: You have an increased reservoir of magic.
                  | (+10% MP) [an orb of fire]
 76939 | Zot:5    | Killed an ancient lich
 76946 | Zot:5    | Killed an orb of fire
 76950 | Zot:5    | Killed a Killer Klown
 77175 | Zot:5    | Noticed a Killer Klown
 77207 | Zot:5    | Killed a Killer Klown
 77833 | Zot:5    | Noticed a Killer Klown
 78123 | Zot:5    | Killed a Killer Klown
 78237 | Zot:5    | Noticed a Killer Klown
 78242 | Zot:5    | Killed a Killer Klown
 78687 | Zot:5    | Noticed an ancient lich
 78689 | Zot:5    | Noticed an orb of fire
 78702 | Zot:5    | Killed an ancient lich
 78710 | Zot:5    | Lost mutation: You have an increased reservoir of magic.
                  | (+10% MP) [an orb of fire]
 78712 | Zot:5    | Reached skill level 18 in Fighting
 78712 | Zot:5    | Reached skill level 18 in Short Blades
 78712 | Zot:5    | Reached skill level 18 in Long Blades
 78712 | Zot:5    | Reached skill level 18 in Axes
 78712 | Zot:5    | Reached skill level 18 in Maces & Flails
 78712 | Zot:5    | Reached skill level 18 in Polearms
 78712 | Zot:5    | Reached skill level 18 in Staves
 78712 | Zot:5    | Reached skill level 18 in Ranged Weapons
 78712 | Zot:5    | Reached skill level 18 in Throwing
 78712 | Zot:5    | Reached skill level 18 in Armour
 78712 | Zot:5    | Reached skill level 18 in Shields
 78712 | Zot:5    | Reached skill level 18 in Unarmed Combat
 78712 | Zot:5    | Reached skill level 18 in Evocations
 78712 | Zot:5    | Killed an orb of fire
 78720 | Zot:5    | Noticed a Killer Klown
 78725 | Zot:5    | Noticed a Killer Klown
 78725 | Zot:5    | Noticed an ancient lich
 78733 | Zot:5    | Killed an ancient lich
 78733 | Zot:5    | Noticed a Killer Klown
 78738 | Zot:5    | Killed a Killer Klown
 78748 | Zot:5    | Killed a Killer Klown
 78748 | Zot:5    | Killed a Killer Klown
 78876 | Zot:5    | Noticed a Killer Klown
 78897 | Zot:5    | Killed a Killer Klown
 78996 | Zot:5    | Noticed a Killer Klown
 79580 | Zot:5    | Got the Orb of Zot
 79597 | Zot:5    | Noticed Lioqug the pandemonium lord
 79854 | D:14     | Reached skill level 20 in Ice Magic
 79856 | D:14     | Noticed Xeutext the pandemonium lord
 80180 | D:$      | Escaped with the Orb!

Illustrated notes

Levels and vault maps discovered:
D:1:      matt_arrival_refuge, layout_basic, shapermc_ecumenical_altar_venn,
          minmay_crystal_water, chequers_decorated_corner
D:2:      layout_basic, uniq_jessica
D:3:      layout_loops_ring, kiku_gazebo_pond_becter, portal_sewer_entry_e,
          minmay_goblin_kobold_house, uniq_robin
D:4:      layout_gridville, gammafunk_ghost_abyssal_escape, uniq_sigmund
D:5:      layout_basic, trog_three_pillars_becter,
          minmay_temple_entry_gardened_gates, uniq_ijyb
D:6:      layout_loops_corners, fedhas_altar_4, serial_shops,
          nicolae_shop_crystal, item_on_display_a, uniq_edmund, uniq_menkaure
D:7:      layout_basic, nicolae_specific_store
D:8:      layout_loops_cross, minitemple, chequers_serial_rivers_room_b
D:9:      minmay_cut_squares, layout_irregular_city, tso_altar, serial_shops,
          nicolae_square_shop, shop, shop_statue, amcnicky_mini_pool_small,
          serial_park_tiny_2
D:10:     layout_roguey, due_lair_maze_entry_diamond, orc_0_dummy,
          gammafunk_ghost_split
D:11:     layout_long_grid, uniq_harold, uniq_snorg
D:12:     layout_roguey
D:13:     layout_small_grid, gammafunk_ghost_hydra_chop, serial_demonic,
          serial_demonic_c, serial_demonic_f, serial_demonic_d,
          serial_demonic_e, serial_demonic_d, serial_demonic_c,
          serial_demonic_f, serial_demonic_a, serial_demonic_e, serial_demonic_e
D:14:     layout_gridville, grunt_vaults_entry_tiered, serial_undead,
          serial_undead_f, serial_undead_c, serial_undead_e, serial_undead_c,
          serial_undead_d, serial_undead_f, serial_undead_d,
          grunt_gozag_breadcrumbs
D:15:     grunt_enter_depths_giant_problem, layout_cross,
          gammafunk_ghost_spectres, nicolae_ashenzari_skybound, uniq_nessos,
          uniq_agnes
Temple:   regret_index_temple_generic_petals
Lair:1:   beast_lair_carwin_large_2, layout_gridlike,
          gammafunk_ghost_wrathful_warriors, serial_bayou_crossing
Lair:2:   layout_small_grid, worms_lemuel, uniq_maggie
Lair:3:   layout_loops_ring, elwin_shoals_entry_rooms, dummy_spider_entry,
          beast_lair_carwin_9, uniq_amaemon, uniq_gastronok
Lair:4:   layout_roguey, serial_bayou_shore_a, grunt_megastairs_3
Lair:5:   hangedman_lair_caniforms_friends, layout_regular_city, slime_entry_1,
          portal_ice_cave_entry_pillars_2, columned_hall_lemuel, minivault_19
Shoals:1: layout_shoals, gammafunk_ghost_necromancy, serial_shops, shop,
          nzn_prometheus_bound
Shoals:2: cheibrodos_shoals_three_sisters, layout_shoals, uniq_ilsuiw
Shoals:3: layout_shoals, uniq_polyphemus
Shoals:4: shoals_end_simple, layout_shoals
Spider:1: nicolae_spider_hilbert_zone_4 [nicolae_spider_hilbert_4_sides_2_open,
          nicolae_spider_hilbert_4_sides_1_open,
          nicolae_spider_hilbert_4_sides_1_open,
          nicolae_spider_hilbert_4_sides_1_open,
          nicolae_spider_hilbert_4_sides_1_open,
          nicolae_spider_hilbert_2_sides_1_open,
          nicolae_spider_hilbert_2_sides_1_open,
          nicolae_spider_hilbert_2_sides_1_open,
          nicolae_spider_hilbert_2_sides_1_open,
          nicolae_spider_hilbert_6_sides_1_open,
          nicolae_spider_hilbert_6_sides_1_open,
          nicolae_spider_hilbert_3_sides_1_open,
          nicolae_spider_hilbert_3_sides_1_open], nicolae_spider_claw_tunnel,
          uniq_azrael, uniq_donald
Spider:2: layout_spider_delve, nicolae_spider_eight_legs, uniq_mlioglotl,
          uniq_aizul, uniq_roxanne
Spider:3: layout_cave_pods, hellmonk_motheaten_closet, uniq_arachne
Spider:4: guppyfry_spider_rune, nicolae_spider_nooks_and_crannies
Slime:1:  layout_caves
Slime:2:  layout_caves
Slime:3:  layout_caves, nicolae_slime_getting_an_eyeful
Slime:4:  layout_caves
Slime:5
Orc:1:    layout_caves, nicolae_volcano_entry_vermiform, basic_altar
Orc:2:    st_orc_rangers, layout_diamond_mine, nicolae_orc_stony_grotto,
          elves_outpost_lemuel
Elf:1:    minmay_elf_arrival_plus, layout_geoelf_grid, serial_shops, shop,
          gammafunk_ghost_berserking_beasts, hangedman_elf_represent,
          minmay_elf_annihilation
Elf:2:    nicolae_elf_blades_crystal_corner, layout_gridlike, serial_shops, shop
Elf:3:    grunt_elf_hall_asides, layout_geoelf_grid
Vaults:1: ontoclasm_vaults_decontamination, vaults_mumra_lcd,
          nicolae_vaults_ninety_degrees, hangedman_vaults_hat,
          ontoclasm_vaults_gallery, hangedman_vaults_trim, v_misc_13,
          ontoclasm_vaults_gateway, grunt_vaults_funnel, hangedman_vaults_trim,
          dpeg_vaults_monster_box, layout_vaults_omnicross
Vaults:2: mu_enter_wizlab_6, v_misc_25, grunt_vaults_twisty, v_misc_27,
          hangedman_vaults_corner, nicolae_vaults_mini_display_case,
          grunt_vaults_focal, v_misc_4, ontoclasm_vaults_claustrophobia,
          hangedman_vaults_stretched_pinwheel, grunt_vaults_diagonal,
          vaults_mumra_hex, layout_vaults_omnibox, uniq_nikola
Vaults:3: grunt_vaults_bifocal, st_eye, vaults_mumra_minichess, v_misc_1,
          minmay_crypt_entry_skeletal_spiral, nicolae_vaults_angled_halls,
          vaults_dpeg_encased_lava, nicolae_vaults_windows_and_doors_thing,
          layout_vaults_omnigrid, uniq_frederick
Vaults:4: v_misc_24, ontoclasm_vaults_chip, v_misc_11, v_alt_pattern_6,
          v_misc_29, nicolae_vaults_little_squares_2,
          nicolae_vaults_little_squares_6,
          vaults_standard_mumra_enter_the_diamond, layout_vaults_big_room
Depths:1: layout_twisted_cross, enter_ziggurat_a, grunt_metal_band,
          hangedman_decor_clover_reticule, vehumet_crystals,
          infiniplex_staircase_pool_lava, uniq_asterion, uniq_bai_suzhen
Depths:2: nzn_winding_woodlands_small [nzn_winding_woodlands_5x15_longhouse,
          nzn_winding_woodlands_center_lodge,
          nzn_winding_woodlands_5x15_garden], layout_honeycomb,
          hangedman_tar_grid_catacomb, infiniplex_staircase_spiral_double,
          pan_entry, minmay_shop_star
Depths:3: evilmike_iron_armoury, layout_small_grid, hellmouth_1,
          kennysheep_big_empty_room, abyss_entry, nzn_hepliaklqana_mist_gate,
          uniq_grunn
Depths:4: grunt_zot_entry_pinwheel, layout_cave_shapes,
          grunt_hell_entry_dis_old, nicolae_titane, serial_shops,
          bzr_in_the_mist, hangedman_abyss_entry_splay
Zot:1:    nicolae_moth_party, layout_basic
Zot:2:    layout_misc_corridors
Zot:3:    layout_basic
Zot:4:    layout_onion_interference, st_grand_hoard_of_tiamat
Zot:5:    layout_gridlike

Skill      XL: |  1  2  3  4  5  6  7  8  9 10 11 12 13 14 15 16 17 18 19 20 21 22 23 24 25 26 |
---------------+-------------------------------------------------------------------------------+-----
Spellcasting   | 5 7 8 9 10 11 12 13 14 15 16 17 18 | 18.8
Fighting       | 1 5 6 7 8 9 10 11 12 13 14 15 16 17 18 | 18.2
Short Blades   | 1 5 6 7 8 9 10 11 12 13 14 15 16 17 18 | 18.2
Long Blades    | 1 5 6 7 8 9 10 11 12 13 14 15 16 17 18 | 18.2
Axes           | 1 5 6 7 8 9 10 11 12 13 14 15 16 17 18 | 18.2
Maces & Flails | 1 5 6 7 8 9 10 11 12 13 14 15 16 17 18 | 18.2
Polearms       | 1 5 6 7 8 9 10 11 12 13 14 15 16 17 18 | 18.2
Staves         | 1 5 6 7 8 9 10 11 12 13 14 15 16 17 18 | 18.2
Ranged Weapons | 1 5 6 7 8 9 10 11 12 13 14 15 16 17 18 | 18.2
Throwing       | 1 5 6 7 8 9 10 11 12 13 14 15 16 17 18 | 18.2
Armour         | 1 5 6 7 8 9 10 11 12 13 14 15 16 17 18 | 18.2
Shields        | 1 5 6 7 8 9 10 11 12 13 14 15 16 17 18 | 18.2
Unarmed Combat | 1 5 6 7 8 9 10 11 12 13 14 15 16 17 18 | 18.2
Invocations    | 1 2 5 6 7 8 9 10 11 12 13 14 15 16 17 18 19 | 19.7
Evocations     | 1 5 6 7 8 9 10 11 12 13 14 15 16 17 18 | 18.2
Conjurations   | 1 4 5 6 7 8 9 10 11 12 13 14 15 | 15.5
Hexes          | 1 4 5 6 7 8 9 10 11 12 13 14 15 | 15.5
Necromancy     | 1 4 5 6 7 8 9 10 11 12 13 14 15 | 15.5
Translocations | 1 4 5 6 7 8 9 10 11 12 13 14 15 | 15.5
Transmutations | 1 4 5 6 7 8 9 10 11 12 13 14 15 | 15.5
Fire Magic     | 1 4 5 6 7 8 9 10 11 12 13 14 15 | 15.5
Ice Magic      | 1 4 5 6 7 9 10 11 12 13 14 15 16 17 18 19 20 | 20.0
Air Magic      | 1 4 5 6 7 8 9 10 11 12 13 14 15 | 15.5
Earth Magic    | 1 4 5 6 7 8 9 10 11 12 13 14 15 | 15.5
Poison Magic   | 1 4 5 6 7 8 9 10 11 12 13 14 15 | 15.5
Dodging        | 7 8 9 10 11 12 13 14 15 16 17 18 | 18.7
Stealth        | 6 7 8 9 10 11 12 13 14 15 16 17 18 | 18.6
Summonings     | 8 9 10 11 12 13 14 15 16 | 16.9

Action                   |  1- 3 |  4- 6 |  7- 9 | 10-12 | 13-15 | 16-18 | 19-21 | 22-24 | 25-27 || total
-------------------------+-------+-------+-------+-------+-------+-------+-------+-------+-------++-------
Melee: Unarmed           |     7 |       |       |       |       |       |       |       |       ||     7
       Bite              |     1 |     6 |     8 |     7 |    32 |    10 |    11 |   146 |   123 ||   344
       Short sword       |       |    33 |       |       |       |       |       |       |       ||    33
       Punch             |       |     1 |     1 |     2 |       |       |       |       |       ||     4
       Whip              |       |    29 |    45 |       |       |       |       |       |       ||    74
       Flail             |       |     1 |       |       |       |       |       |       |       ||     1
       Staff             |       |       |       |    29 |   160 |    84 |    87 |    26 |       ||   386
       Dagger            |       |       |       |       |     9 |       |     9 |       |       ||    18
       Katana            |       |       |       |       |       |       |       |   876 |   709 ||  1585
Throw: Dart              |       |       |       |       |       |     2 |    12 |       |       ||    14
       Javelin           |       |       |       |       |       |       |       |       |    40 ||    40
 Cast: Summon Small Mamm |    31 |     3 |       |     2 |     2 |     1 |       |       |       ||    39
       Call Canine Famil |     2 |    26 |    21 |    26 |    47 |     6 |     3 |       |       ||   131
       Call Imp          |       |     3 |       |     3 |       |       |       |       |       ||     6
       Tukima's Dance    |       |       |     2 |     8 |    19 |     6 |     1 |     2 |     2 ||    40
       Summon Lightning  |       |       |    12 |    48 |    52 |    30 |     6 |     1 |     2 ||   151
       Frozen Ramparts   |       |       |       |    12 |    18 |     3 |    22 |     4 |     5 ||    64
       Airstrike         |       |       |       |    54 |   453 |   512 |   465 |    39 |     2 ||  1525
       Fireball          |       |       |       |       |       |    44 |    57 |       |       ||   101
       Anguish           |       |       |       |       |       |       |    56 |     2 |       ||    58
       Iron Shot         |       |       |       |       |       |       |   119 |   163 |    24 ||   306
       Malign Gateway    |       |       |       |       |       |       |    13 |    66 |    23 ||   102
       Apportation       |       |       |       |       |       |       |       |    24 |     8 ||    32
       Statue Form       |       |       |       |       |       |       |       |    42 |    76 ||   118
       Yara's Violent Un |       |       |       |       |       |       |       |       |     2 ||     2
       Wereblood         |       |       |       |       |       |       |       |       |     1 ||     1
       Passwall          |       |       |       |       |       |       |       |       |     2 ||     2
Invok: Recall Undead Har |       |       |     4 |     1 |    30 |     5 |    11 |    12 |     1 ||    64
       Dark Bargain      |       |       |       |     2 |       |     4 |     8 |       |       ||    14
       Bind Soul         |       |       |       |       |       |     1 |     1 |       |       ||     2
       Drain Life        |       |       |       |       |       |       |     1 |       |       ||     1
       Stop Recall       |       |       |       |       |       |       |       |     1 |       ||     1
 Abil: Evoke Blink       |       |       |       |       |       |       |     3 |       |     2 ||     5
       End Transformatio |       |       |       |       |       |       |       |       |     1 ||     1
Evoke: Wand              |       |       |       |     5 |     1 |     1 |    20 |     4 |     8 ||    39
       Lightning rod     |       |       |       |     3 |    12 |     5 |     9 |       |       ||    29
       Tin of tremorston |       |       |       |       |     1 |       |     4 |     2 |     5 ||    12
       Phial of floods   |       |       |       |       |       |       |     2 |     1 |       ||     3
       Phantom mirror    |       |       |       |       |       |       |     1 |       |       ||     1
       Condenser vane    |       |       |       |       |       |       |       |       |     2 ||     2
  Use: Scroll            |       |    15 |     1 |     6 |    14 |     8 |    21 |     5 |    13 ||    83
       Potion            |       |     1 |       |       |     1 |     2 |    11 |     2 |    11 ||    28
 Stab: Sleeping          |       |     2 |     1 |       |       |       |       |    10 |     1 ||    14
       Distracted        |       |       |     2 |     4 |     4 |     2 |       |    21 |    14 ||    47
Armor: Robe              |     5 |    16 |     8 |    15 |    72 |    41 |       |     5 |    22 ||   184
       Leather armour    |       |       |       |       |       |     9 |    84 |    90 |       ||   183
       Swamp dragon scal |       |       |       |       |       |       |    95 |       |       ||    95
       Skin              |       |       |       |       |       |       |       |   277 |   413 ||   690
Dodge: Dodged            |     5 |    78 |    49 |    92 |   281 |   138 |   324 |   682 |   504 ||  2153
Block: Buckler           |       |       |       |    21 |   195 |   110 |   222 |   385 |   299 ||  1232
       Other             |       |       |       |     6 |       |       |       |       |       ||     6

Table legend: (Time is in decaauts)
 A = Elapsed time spent in this place.
 B = Non-inter-level travel time spent in this place.
 C = Inter-level travel time spent in this place.
 D = Time resting spent in this place.
 E = Time spent auto-exploring this place.
 F = Levels seen in this place.
 G = Mean time per level.
                   A        B        C        D        E       F      G
               +--------+--------+--------+--------+--------+-----+--------+
         Total |  82728 |  75256 |   7472 |  25086 |  33678 |  57 | 1451.4 |
       Dungeon |  20389 |  17566 |   2823 |   4392 |   9755 |  15 | 1359.3 |
        Temple |    157 |    118 |     39 |      0 |     98 |   1 |  157.0 |
          Lair |   9858 |   8708 |   1150 |   1534 |   5291 |   5 | 1971.6 |
        Shoals |   8074 |   7199 |    875 |   2151 |   3597 |   4 | 2018.5 |
   Spider Nest |   5443 |   4937 |    506 |   1808 |   2018 |   4 | 1360.8 |
    Slime Pits |   1336 |   1281 |     55 |    768 |      0 |   5 |  267.2 |
  Orcish Mines |   2357 |   2052 |    305 |    540 |   1028 |   2 | 1178.5 |
   Elven Halls |   8347 |   8007 |    340 |   4885 |   1984 |   3 | 2782.3 |
        Vaults |   8164 |   7487 |    677 |   1393 |   4288 |   4 | 2041.0 |
        Depths |   5469 |   5080 |    389 |    540 |   3156 |   4 | 1367.2 |
           Zot |   9252 |   8942 |    310 |   5121 |   1948 |   5 | 1850.4 |
        Bazaar |    111 |    111 |      0 |      0 |    103 |   1 |  111.0 |
         Sewer |    658 |    658 |      0 |    200 |    106 |   1 |  658.0 |
      Ice Cave |   1243 |   1243 |      0 |    932 |      0 |   1 | 1243.0 |
       Volcano |    454 |    454 |      0 |    104 |    193 |   1 |  454.0 |
        Wizlab |   1405 |   1405 |      0 |    717 |    110 |   1 | 1405.0 |
               +--------+--------+--------+--------+--------+-----+--------+

Top non-repeatable levels by time:
   Zot:5: 5734 daAuts
   Elf:3: 4937 daAuts
    D:13: 2983 daAuts
  Lair:3: 2853 daAuts
Spider:1: 2546 daAuts
Vaults:3: 2540 daAuts
    D:14: 2495 daAuts
  Lair:2: 2426 daAuts
   Zot:1: 2213 daAuts
Vaults:1: 2126 daAuts
Shoals:4: 2123 daAuts
Shoals:3: 2104 daAuts
Shoals:1: 1949 daAuts
Vaults:2: 1932 daAuts
Shoals:2: 1896 daAuts
